 Dungeon Crawl Stone Soup version 0.30-a0-134-gb40fab5c76 (webtiles) character file.

Game seed: 12324755501754305883

1764729 iamserjio the Slayer (level 26, 180/180 HPs)
             Began as an Octopode Chaos Knight on Sept 20, 2022.
             Was a Favourite Plaything of Xom.
             Escaped with the Orb
             ... and 3 runes!
             The game lasted 01:50:21 (58905 turns).

iamserjio the Slayer (Octopode Chaos Knight)       Turns: 58905, Time: 01:50:22

Health: 180/180    AC: 14    Str: 21    XL:     26   Next: 27%
Magic:  42/42      EV: 46    Int: 22    God:    Xom [..*...]
Gold:   88         SH:  0    Dex: 27    Spells: 11/49 levels left

rFire   . . .      SeeInvis .    T - +5 glaive of the Guard {elec, spectral, AC+5}
rCold   . . .      Faith    .    (shield currently unavailable)
rNeg    . . .      Spirit   .    g - +2 hat of Watchfulness {Int+3}
rPois   .          Reflect  .    l - amulet of regeneration
rElec   +          Harm     .    A - +4 ring of evasion
rCorr   .          Rampage  .    E - +4 ring of protection
Will    ++...                    H - +6 ring of dexterity
Stlth   +++.......               j - ring of flight
HPRegen 1.20/turn                R - +6 ring of dexterity
MPRegen 0.28/turn                O - +6 ring of strength
                                 B - +4 ring of evasion
                                 n - ring of the Hare {EV+8}

@: flying, studying Axes
A: almost no armour, amphibious, 8 rings, camouflage 1, gelatinous body 1,
(nimble swimmer 1), tentacles, iridescent scales 1, frail 1, high MP 1,
strong-willed 1, electricity resistance
0: Orb of Zot
}: 3/15 runes: decaying, serpentine, slimy
a: Renounce Religion


You escaped.
You worshipped Xom.
You were a toy of Xom.
You visited 10 branches of the dungeon, and saw 51 of its levels.
You also visited: Bailey, Ice Cave, Volcano and Wizlab.

You collected 6389 gold pieces.
You spent 6301 gold pieces at shops.

Inventory:

Hand Weapons
 J - the +9 trident of the Blowfly {spect, rC+ Dex+3 Stlth+}
   (You found it on level 6 of the Dungeon)

   When its wielder attacks, the weapon's spirit leaps out and strikes again.
   The spirit shares a part of any damage it takes with its wielder.
   Dex:       It affects your dexterity (+3).
   rC:        It protects you from cold.
   Stlth:     It makes you more stealthy.
 P - the +2 mace of Defenestration {vorpal, +Blink rCorr}
   (You found it on level 5 of the Pits of Slime)

   It inflicts extra damage upon your enemies.
   +Blink:    It lets you blink.
   rCorr:     It protects you from acid and corrosion.
 S - a +9 trident of freezing
 T - the +5 glaive of the Guard (weapon) {elec, spectral, AC+5}
   (You found it on level 3 of the Vaults)

   It occasionally discharges a powerful burst of electricity upon striking a
   foe.
   When it strikes, its spirit leaps out and fights alongside the wielder.
   AC:        It affects your AC (+5).
 Z - the +8 spear of Mibboff {flame, rElec Int+2 Dex+4}
   (You took it off a spriggan air mage on level 2 of the Depths)

   It burns those it strikes, dealing additional fire damage.
   Int:       It affects your intelligence (+2).
   Dex:       It affects your dexterity (+4).
   rElec:     It insulates you from electricity.
Missiles
 w - 10 curare-tipped darts (quivered)
 M - a throwing net {!f}
Armour
 g - the +2 hat of Watchfulness (worn) {Int+3}
   (You acquired it on level 8 of the Dungeon)

   Int:       It affects your intelligence (+3).
 U - a +5 kite shield
Jewellery
 e - a ring of wizardry
 j - a ring of flight (on tentacle)
 k - the ring "Nifon" {Ice rN+ rCorr}
   (Xom gifted it to you on level 3 of the Elven Halls)

   [ring of ice]

   It enhances your ice magic.
   rF:        It makes you vulnerable to fire.
   rC:        It protects you from cold.
   rN:        It protects you from negative energy.
   rCorr:     It protects you from acid and corrosion.
 l - an amulet of regeneration (around mantle)
 n - the ring of the Hare (on tentacle) {EV+8}
   (You bought it in a shop on level 3 of the Depths)

   [ring of evasion]

   EV:        It affects your evasion (+8).
 q - a ring of protection from fire
 y - the ring "Keschif" {Will+ rCorr Int+6}
   (You found it on level 5 of the Pits of Slime)

   [ring of intelligence]

   Int:       It affects your intelligence (+6).
   rCorr:     It protects you from acid and corrosion.
   Will:      It increases your willpower.
 A - a +4 ring of evasion (left tentacle)
 B - a +4 ring of evasion (on tentacle)
 E - a +4 ring of protection (right tentacle)
 H - a +6 ring of dexterity (on tentacle)
 I - a ring of willpower
 N - the ring "Wuiheu" {rF+ SInv Stlth+}
   (You found it on level 3 of the Elven Halls)

   [ring of see invisible]

   rF:        It protects you from fire.
   SInv:      It lets you see invisible.
   Stlth:     It makes you more stealthy.
 O - a +6 ring of strength (on tentacle)
 R - a +6 ring of dexterity (on tentacle)
 W - a ring of poison resistance
Wands
 a - a wand of digging (12) {@v3}
 s - a wand of iceblast (78) {@v2}
 K - a wand of paralysis (47)
 L - a wand of mindburst (15)
 Q - a wand of light (10)
Scrolls
 d - a scroll of blinking {@r4}
 m - 18 scrolls of teleportation {@r3}
 o - 6 scrolls of fear
 v - 11 scrolls of butterflies
 z - 4 scrolls of silence
Potions
 f - 11 potions of lignification
 h - 5 potions of haste {@q4}
 i - 3 potions of ambrosia
 p - 5 potions of invisibility
 r - 6 potions of cancellation
 t - 19 potions of curing {@q1}
 u - 2 potions of heal wounds {@q2}
 x - 5 potions of might {@q3}
 F - 5 potions of magic
 V - 4 potions of resistance {@q5}
Miscellaneous
 b - a box of beasts
 C - a phial of floods
 D - a phantom mirror
 G - a condenser vane


   Skills:
 - Level 22.1 Fighting
 * Level 19.1 Polearms
 - Level 16.6 Dodging
 - Level 11.5 Stealth
 - Level 18.0 Shields
 - Level 12.0 Spellcasting
 - Level 5.9 Hexes
 + Level 19.5 Summonings
 - Level 5.3 Translocations
 - Level 4.0 Transmutations
 - Level 4.0 Earth Magic
 - Level 13.0 Evocations


You had 11 spell levels left.
You knew the following spells:

 Your Spells              Type           Power      Damage    Failure   Level
a - Passwall              Tmut/Erth      25%        N/A       1%          2
b - Apportation           Tloc           72%        N/A       1%          1
c - Blink                 Tloc           72%        N/A       1%          2
d - Summon Forest         Summ/Tloc      30%        N/A       1%          5
e - Summon Cactus Giant   Summ           39%        N/A       1%          6
f - Summon Horrible Thin  Summ           39%        N/A       11%         8
g - Summon Mana Viper     Hex/Summ       62%        N/A       1%          5
i - Dragon's Call         Summ           39%        N/A       86%         9

Your spell library contained the following spells:

 Spells                   Type           Power      Damage    Failure   Level
 Call Canine Familiar     Summ           78%        N/A       0%          3
 Beastly Appendage        Tmut           60%        N/A       1%          1
 Sandblast                Erth           60%        2d14      1%          1
 Wereblood                Tmut           30%        N/A       1%          2
 Gell's Gravitas          Tloc           36%        N/A       1%          3
 Lesser Beckoning         Tloc           36%        N/A       1%          3
 Teleport Other           Tloc           36%        N/A       1%          3
 Summon Ice Beast         Ice/Summ       54%        N/A       1%          4
 Summon Lightning Spire   Summ/Air       54%        N/A       1%          4
 Summon Hydra             Summ           39%        N/A       1%          7
 Sting                    Tmut/Pois      88%        1d7       2%          1
 Ensorcelled Hibernation  Hex/Ice        52%        N/A       2%          2
 Foxfire                  Conj/Fire      52%        2x1d6     4%          1
 Freeze                   Ice            52%        1d7       4%          1
 Magic Dart               Conj           52%        1d5       4%          1
 Necrotise                Necr           52%        1d6       4%          1
 Shock                    Conj/Air       52%        1d6       4%          1
 Inner Flame              Hex/Fire       26%        N/A       4%          3
 Cause Fear               Hex            19%        N/A       4%          4
 Manifold Assault         Tloc           36%        N/A       5%          4
 Spider Form              Tmut/Pois      22%        N/A       6%          3
 Stone Arrow              Conj/Erth      44%        3d9       6%          3
 Leda's Liquefaction      Hex/Erth       17%        N/A       6%          4
 Kindle Blastsparks       Fire/Tloc/Air  42%        2d13      7%          3
 Cigotuvi's Dreadful Rot  Necr/Pois/Air  26%        N/A       8%          2
 Poisonous Vapours        Pois/Air       26%        N/A       8%          2
 Searing Ray              Conj           26%        2d5       8%          2
 Sublimation of Blood     Necr           13%        N/A       8%          2
 Ignite Poison            Fire/Tmut/Pois 19%        N/A       9%          3
 Petrify                  Tmut/Erth      30%        N/A       10%         4
 Frozen Ramparts          Ice            26%        1d4       14%         3
 Mephitic Cloud           Conj/Pois/Air  13%        N/A       14%         3
 Ozocubu's Armour         Ice            13%        N/A       14%         3
 Swiftness                Air            13%        N/A       14%         3
 Vampiric Draining        Necr           13%        2d6       14%         3
 Anguish                  Hex/Necr       13%        N/A       14%         4
 Fulminant Prism          Conj/Hex       13%        3d9       14%         4
 Iskenderun's Mystic Bla  Conj/Tloc      24%        2d7       16%         4
 Yara's Violent Unravell  Hex/Tmut       17%        3d8       19%         5
 Ice Form                 Ice/Tmut       22%        N/A       22%         4
 Blade Hands              Tmut           15%        N/A       26%         5
 Lee's Rapid Deconstruct  Erth           15%        3d11*     26%         5
 Metabolic Englaciation   Hex/Ice        13%        N/A       38%         5
 Silence                  Hex/Air        13%        N/A       38%         5
 Airstrike                Air            6%         2d(1-17)  43%         4
 Animate Dead             Necr           13%        N/A       43%         4
 Flame Wave               Conj/Fire      13%        2d6       43%         4
 Hailstorm                Conj/Ice       13%        3d5       43%         4
 Olgreb's Toxic Radiance  Pois           13%        N/A       43%         4
 Alistair's Intoxication  Tmut/Pois      14%        N/A       52%         5
 Borgnjor's Vile Clutch   Necr/Erth      11%        N/A       52%         5
 Irradiate                Conj/Tmut      11%        3d15      52%         5
 Dispersal                Tloc           18%        N/A       63%         6
 Agony                    Necr           13%        N/A       80%         5
 Freezing Cloud           Conj/Ice/Air   6%         6-21      80%         5
 Lightning Bolt           Conj/Air       6%         1d18      80%         5
 Statue Form              Tmut/Erth      20%        N/A       82%         6
 Enfeeble                 Hex            19%        N/A       98%         7
 Conjure Ball Lightning   Conj/Air       6%         3x3d6     100%        6
 Death Channel            Necr           6%         N/A       100%        6
 Simulacrum               Ice/Necr       6%         N/A       100%        6
 Starburst                Conj/Fire      6%         6d4       100%        6
 Dragon Form              Tmut           15%        N/A       100%        7
 Ozocubu's Refrigeration  Ice            6%         4d8       100%        7
 Storm Form               Tmut/Air       11%        N/A       100%        7
 Borgnjor's Revivificati  Necr           6%         N/A       100%        8
 Discord                  Hex            19%        N/A       100%        8
 Ignition                 Fire           6%         3d4       100%        8
 Lehudib's Crystal Spear  Conj/Erth      11%        10d4      100%        8
 Maxwell's Capacitive Co  Air            6%         ∞         100%        8
 Necromutation            Tmut/Necr      11%        N/A       100%        8
 Death's Door             Necr           6%         N/A       100%        9
 Animate Armour           Summ/Erth      Unusable   N/A       N/A         4

Dungeon Overview and Level Annotations

Branches:
Dungeon (15/15)            Temple (0/1) D:4            Lair (5/5) D:8
  Swamp (4/4) Lair:3        Snake (4/4) Lair:3        Slime (5/5) Lair:4
    Orc (2/2) D:10            Elf (3/3) Orc:2        Vaults (4/5) D:14
  Crypt (0/3) Vaults:2     Depths (4/4) D:15            Zot (5/5) Depths:4
 Bailey (visited)           IceCv (visited)         Volcano (visited)
 WizLab (visited)

Altars:
Ashenzari
Dithmenos
Elyvilon
Fedhas
Gozag
Kikubaaqudgha
Nemelex Xobeh
Qazlal
Sif Muna
Trog
Uskayaw
Xom
Zin
The Shining One
Jiyva

Shops:
D:5 :   Orc:1 *   Orc:2 [=(*   Elf:1 (   Elf:2 [   Elf:3 ?***   Snake:2 *[
Snake:4 (!!   Vaults:1 [   Vaults:2 *   Depths:1 ***   Depths:3 =:=

Portals:
Hell: Depths:1 Depths:2 Depths:3 Depths:4
Abyss: Depths:2 Depths:3
Pandemonium: Depths:2
Ziggurat: Depths:2
Trove: D:12 (give 6 scrolls of fear)

Annotations:
D:12 6 runed translucent doors
D:15 1 exclusion
Elf:2 exclusion: 3 doors
Depths:1 1 transporter
Zot:5 2 transporters, exclusion: orange crystal statue


Innate Abilities, Weirdness & Mutations

You cannot wear most types of armour.
You are amphibious.
You can wear up to eight rings at the same time.
Your skin changes colour to match your surroundings (Stealth+).
Your rubbery body absorbs attacks. (AC +1, EV +1)
((You are camouflaged when in or above water. (Stealth+)))
You have tentacles for arms and can constrict up to eight enemies at once.
You are partially covered in iridescent scales. (AC +2)
You are frail. (-10% HP)
You have an increased reservoir of magic. (+10% MP)
You are strong-willed. (Will+)
You are resistant to electric shocks. (rElec)


Message History

The Executioner hits you but does no damage.
The Executioner hits you. The Executioner completely misses you.
The Executioner closely misses you. "This might be better!"
The Executioner is moving more slowly.
The Executioner completely misses you. x3
A large abomination comes into view.
The Executioner attacks as you move away!
The Executioner completely misses you.
The Executioner hits you but does no damage. x2
The Executioner hits you! The Executioner closely misses you.
The Executioner completely misses you.
Your jackal bites the Executioner but does no damage. x2
The Executioner barely misses you.
The Executioner completely misses you. x2 "This might be better!"
The large abomination seems to slow down.
The Executioner closely misses your jackal.
The Executioner hits your jackal.
The Executioner barely misses your jackal.
Your jackal bites the Executioner but does no damage. x3
The Executioner hits your jackal!
Your jackal dies!
Your jackal's corpse dissolves into shadows!
Your adder bites the Executioner but does no damage.
Your jackal bites the Executioner but does no damage. x2
The Executioner attacks as you move away!
The Executioner completely misses you. The Executioner closely misses you.
The Executioner hits you.
The Executioner stops moving altogether!
Your jackal bites the Executioner but does no damage. x2
Your kobold hits the Executioner but does no damage.
Your jackal bites the Executioner. x2
Your jackal bites the Executioner but does no damage.
There is a stone staircase leading up here.
Your jackal bites the Executioner but does no damage. x3
You fly upwards.
There is a stone staircase leading down here.
HP restored.
There is an open door here.
There is a staircase leading out of the dungeon here.
You have escaped!

##.......#.# #.#.......# #.###
...........# #.#.##.##.# #.#
.....)....######.#######.# #.#
.........##~~~~#'#~~~~##.# #.#
##.......#~~○~~#.#~~~~~#.####.###
##......##~~#~~#.#~~#○~#.#.......
#......###~~~~~#.#~~~~~#...#....#
..#......#~~§~~#.#~~~~~#.#>#.##.#
#...######~~~~~#@#~~°~~#.....##..
.........#~~~~~#.#○~~~~#.#.#.##..
###.######~~#~☼#.#~~#~~#..##.##..
#......#~☼~~~#.#~~~~~#.###.##..
#.######~~~~~#.#~~~~~#.....##..
#.# ##~~~~#'#~~~~#########.. #.#
#######.######.# ##. #.#
#.#........###.## #. ###.###
#.#.............# #.


There were no monsters in sight!

Vanquished Creatures
  the Royal Jelly (Slime:5)
  2 dread liches
  2 orbs of fire (Zot:5)
  An ancient lich (Zot:5)
  Mara (Depths:2)
  Boris (twice) (Depths:3 Depths:4)
  Xtahua (Depths:4)
  A caustic shrike (Depths:2)
  5 Killer Klowns (Zot:5)
  Saint Roka (Orc:2)
  the Enchantress (Depths:3)
  6 golden dragons
  A bone dragon (Depths:4)
  A Tzitzimitl (Depths:2)
  A Brimstone Fiend (Depths:1)
  3 doom hounds (Depths:2)
  3 electric golems (Zot:5)
  4 tentacled monstrosities
  A deep elf blademaster (Elf:3)
  18 Orb Guardians (Zot:5)
  3 liches
  Rupert (D:15)
  A walking divine tome (Depths:2)
  A deep elf master archer (Elf:3)
  2 quicksilver dragons
  Grunn (Depths:2)
  8 acid blobs
  Gastronok (D:11)
  The ghost of Stonecrops the Impaler, an adept DsGl of Okawaru (Vaults:1)
  2 death cobs (Zot:5)
  2 thorn hunters
  2 storm dragons (Depths:4)
  2 shadow dragons
  5 azure jellies
  3 sphinxes
  2 tengu reavers
  A daeva (Depths:2)
  A draconian knight (Zot:4)
  4 fenstrider witches (Swamp:4)
  Roxanne (Elf:3)
  A nagaraja (Snake:3)
  8 frost giants
  An emperor scorpion (Lair:5)
  5 fire giants
  2 iron dragons
  3 rockslimes
  17 vault wardens
  A deep elf sorcerer (Elf:3)
  A caustic shrike zombie (D:15)
  4 ghost moths
  2 angels (Depths:2)
  A draconian stormcaller (Depths:4)
  3 deep elf elementalists (Elf:3)
  2 orc warlords
  4 spriggan defenders
  A reaper (Depths:2)
  8 quicksilver oozes
  16 ironbound preservers
  A draconian shifter (Zot:5)
  9 ironbound thunderhulks
  2 war gargoyles
  A draconian annihilator (Zot:3)
  10 stone giants
  2 black draconians (Zot:3)
  7 deep elf demonologists
  3 green draconians
  25 very ugly things
  A putrid mouth (Depths:2)
  A lorocyproca (D:5)
  2 entropy weavers (Vaults:1)
  Azrael (Orc:2)
  3 eleionomae
  2 purple draconians
  4 red draconians
  6 yellow draconians
  A minotaur (Orc:2)
  4 deep elf annihilators (Elf:3)
  5 dire elephants
  The ghost of lurtze1 the Severer, a journeyman MiFi of Ashenzari (Orc:2)
  4 white draconians
  3 bunyips
  5 deep elf death magi
  2 blizzard demons (Swamp:4)
  7 ettins
  4 deep elf high priests
  2 shambling mangroves (Swamp:4)
  13 yaktaur captains
  13 fire dragons
  5 rakshasas
  3 peacekeepers
  2 salamander tyrants
  The ghost of flt the Transmogrifier, a journeyman DgTm (D:11)
  2 hell beasts
  10 great orbs of eyes
  Harold (D:11)
  11 ice dragons
  4 spriggan air magi
  5 ogre magi
  9 hydras
  13 vault guards
  Erica (D:9)
  An alligator snapping turtle (Depths:1)
  5 ghost crabs
  An anaconda (shapeshifter) (Depths:2)
  15 anacondas
  2 catoblepae
  17 centaur warriors
  22 dancing weapons
  8 deep troll shamans
  8 alligators
  11 ironbound frosthearts
  7 boulder beetles
  An orc high priest (Orc:2)
  6 two-headed ogres
  A titan zombie (D:15)
  4 tengu warriors
  A vampire mage (Depths:1)
  15 death yaks
  12 naga warriors
  8 spriggan berserkers
  7 deep troll earth magi
  13 naga sharpshooters
  15 shock serpents
  3 sun demons
  9 hell knights
  8 iron trolls
  23 deep elf knights
  3 sixfirhies
  8 spriggan druids
  A glowing orange brain (Depths:2)
  4 goliath frogs
  6 salamander mystics
  A skeletal warrior (D:15)
  A sea snake (Snake:4)
  45 deep trolls
  11 naga ritualists
  7 bog bodies
  3 flayed ghosts
  5 swamp dragons
  13 deep elf archers
  16 lindwurms
  6 wizards
  Pikel (D:9)
  16 ironbound convokers
  A harpy (D:15)
  40 deep elf pyromancers
  23 deep elf zephyrmancers
  4 necromancers
  32 ugly things
  An oklob plant (Depths:3)
  16 mana vipers
  2 phantasmal warriors
  5 orc sorcerers
  8 cyclopes
  12 orc knights
  A wolf spider (D:15)
  5 manticores
  4 shining eyes
  3 will-o-the-wisps
  A sphinx skeleton (D:15)
  12 moths of wrath
  20 salamanders
  14 vault sentinels
  33 black mambas
  5 large abominations (D:10)
  24 elephants
  9 guardian serpents
  2 ice statues (IceCv)
  3 eyes of devastation
  6 orange demons
  7 gargoyles
  29 naga magi
  2 unseen horrors (D:12)
  2 guardian serpents (shapeshifter) (D:14)
  7 cane toads
  A guardian mummy (D:15)
  35 yaktaurs
  An efreet (D:14)
  2 kobold demonologists (D:12)
  5 komodo dragons
  2 ice devils (Orc:1)
  2 tengu conjurers (Depths:2)
  A yaktaur (shapeshifter) (Depths:2)
  A freezing wraith (D:15)
  A hellwing (Swamp:4)
  2 red devils (Depths:2)
  11 tyrant leeches
  2 bloated husks
  10 trolls
  5 polar bears
  A tarantella (Snake:1)
  Grinder (D:4)
  12 hornets
  21 blink frogs
  52 slime creatures
  3 small abominations (D:10)
  A culicivora (shapeshifter) (D:14)
  4 air elementals
  Sigmund (D:7)
  37 yaks
  5 wyverns
  7 fire elementals
  10 spriggans
  3 shadows
  4 wraiths
  4 vampires
  3 nameless horrors
  2 basilisks
  4 golden eyes
  A vampire mosquito (D:12)
  8 water elementals
  3 redbacks
  3 chaos spawn (Swamp:4)
  A neqoxec (Swamp:4)
  62 nagas
  9 swamp worms
  A glowing shapeshifter zombie (D:15)
  Edmund (D:7)
  5 wargs
  A floating eye (Lair:4)
  14 water moccasins
  Duvessa (D:4)
  5 acid dragons
  The ghost of thfrgi the Trooper, an amateur OgGl (D:3)
  6 hell hounds
  5 great orb of eyes simulacra (IceCv)
  45 orc warriors
  A sky beast (D:8)
  A black bear (Lair:5)
  A swamp drake (Swamp:2)
  A black bear (shapeshifter) (Elf:1)
  9 ogres
  A lemure (D:9)
  13 centaurs
  A phantom (D:6)
  16 wolves
  3 slime creature simulacra (IceCv)
  A kobold brigand (D:8)
  Blork the orc (Orc:2)
  15 bullfrogs
  An earth elemental (Elf:2)
  3 glowing shapeshifter simulacra (IceCv)
  5 necrophages
  A scorpion (D:5)
  Dowan (D:4)
  3 wights (D:7)
  6 killer bees (D:7)
  6 electric eels
  13 howler monkeys
  2 hounds
  Crazy Yiuf (D:5)
  13 orc priests
  A gnoll bouda (D:6)
  2 jellies
  An iguana (D:5)
  Natasha (twice) (D:4)
  26 orc wizards
  3 shapeshifter simulacra (IceCv)
  2 ogre zombies (D:8)
  Robin (D:2)
  An orc zombie (D:8)
  5 gnolls (D:6)
  4 adders
  A gnoll zombie (D:8)
  A shadow imp (D:5)
  2 ufetubi
  A worm (D:4)
  3 dart slugs
  92 orcs
  9 ball pythons
  10 endoplasms
  5 giant cockroaches
  8 goblins
  15 hobgoblins
  3 quokkas
  5 bats
  19 kobolds
  4 rats
  A plant (Lair:1)
1868 creatures vanquished.

Vanquished Creatures (collateral kills)
  A juggernaut (Depths:4)
  A Killer Klown (Zot:5)
  A caustic shrike (Depths:2)
  Nikola (Swamp:2)
  The ghost of Odwax the Hoplite, an adept MiFi of Okawaru (Swamp:3)
  6 Orb Guardians (Zot:5)
  A walking earthen tome (Depths:4)
  2 tentacled monstrosities
  A deep elf blademaster (Elf:3)
  An acid blob (Slime:5)
  A storm dragon (Zot:3)
  2 draconian monks
  A vault warden (Vaults:3)
  A draconian scorcher (Zot:5)
  A draconian annihilator (Zot:5)
  An ironbound preserver (Vaults:4)
  3 very ugly things
  A quicksilver ooze (IceCv)
  A black draconian (Zot:5)
  2 stone giants
  3 dire elephants (Vaults:1)
  A putrid mouth (Depths:2)
  3 red draconians (Zot:3)
  2 yellow draconians
  A white draconian (Zot:3)
  A shambling mangrove (Swamp:2)
  A yaktaur captain (Vaults:3)
  A great orb of eyes (Slime:5)
  A fire dragon (Depths:1)
  3 vault guards (Vaults:4)
  2 dancing weapons (Elf:2)
  3 deep troll earth magi (Depths:1)
  A deep troll shaman (Depths:4)
  A naga sharpshooter (Snake:3)
  2 iron trolls (Depths:1)
  2 deep trolls
  A glowing orange brain (Vaults:4)
  A deep elf archer (Elf:2)
  A necromancer (Depths:4)
  2 ironbound convokers (Vaults:3)
  A wizard (D:10)
  A phantasmal warrior (Vaults:3)
  2 oklob plants (Depths:3)
  2 deep elf pyromancers (Elf:2)
  A shining eye (Slime:4)
  A salamander (Snake:2)
  2 ugly things (Depths:1)
  A vault sentinel (Vaults:4)
  A nameless horror (Depths:1)
  2 kobold demonologists (D:10)
  A yaktaur (Vaults:3)
  3 hornets
  4 slime creatures
  3 spriggans
  A water elemental (Elf:2)
  2 golden eyes
  4 small abominations (D:10)
  A redback (Vaults:1)
  A naga (Snake:2)
  A howler monkey (D:12)
  2 kobolds (D:10)
100 creatures vanquished.

Vanquished Creatures (others)
  A dread lich (Vaults:3)
  A walking crystal tome (Depths:4)
  A sphinx (Vaults:3)
  A draconian scorcher (Zot:3)
  An angel (D:7)
  A yellow draconian (Depths:4)
  A tengu warrior (D:13)
  A soul eater (Swamp:4)
  3 deep elf knights
  A deep troll (Depths:4)
  A necromancer (Depths:4)
  A will-o-the-wisp (Swamp:4)
  A yaktaur (Vaults:3)
  A spriggan (Swamp:2)
  A yak (D:10)
  6 foxfires
  27 fungi
  51 plants
  8 snaplasher vines
  12 withered plants
121 creatures vanquished.

Grand Total: 2089 creatures vanquished

Notes
Turn   | Place    | Note
-------+----------+-------------------------------------------
     0 | D:1      | iamserjio the Octopode Chaos Knight began the quest for the
                  | Orb.
     0 | D:1      | Reached XP level 1. HP: 16/16 MP: 1/1
   112 | D:1      | Reached XP level 2. HP: 16/21 MP: 2/2
   273 | D:1      | XOM: divination: magic mapping
   374 | D:1      | XOM: smoke on damage
   462 | D:1      | Reached XP level 3. HP: 19/27 MP: 3/3
   508 | D:1      | XOM: silly message
   894 | D:1      | Reached skill level 4 in Fighting
  1037 | D:1      | XOM: divination: detect items
  1221 | D:2      | Found a faded altar of an unknown god.
  1350 | D:2      | Found a broken altar of Ashenzari.
  1443 | D:2      | XOM: silly message
  1778 | D:2      | Noticed Robin
  1797 | D:2      | Killed Robin
  1798 | D:2      | Reached XP level 4. HP: 30/34 MP: 4/4
  2326 | D:3      | Gained mutation: Your system is resistant to poisons.
                  | (rPois) [potion of mutation]
  2326 | D:3      | Gained mutation: Your flesh is heat resistant. (rF+)
                  | [potion of mutation]
  2326 | D:3      | Gained mutation: You have a pair of small antennae on your
                  | head. [potion of mutation]
  2326 | D:3      | Gained mutation: You are agile. (Dex +4, Str/Int -1)
                  | [potion of mutation]
  2326 | D:3      | XOM: silly message
  2521 | D:3      | Reached XP level 5. HP: 5/38 MP: 5/5
  2897 | D:3      | Reached skill level 5 in Fighting
  3250 | D:3      | Found a transporter.
  3253 | D:3      | Noticed thfrgi's ghost (amateur OgGl)
  3254 | D:3      | Noticed an ogre
  3257 | D:3      | Noticed an ogre
  3631 | D:3      | XOM: silly message
  3961 | D:4      | Reached XP level 6. HP: 28/46 MP: 6/6
  4286 | D:4      | Reached skill level 6 in Fighting
  4326 | D:4      | XOM: summons 3 hostile shadow creatures
  4450 | D:4      | XOM: stat loss: -1 Dex (15/16)
  4495 | D:4      | Noticed Grinder
  4625 | D:4      | Noticed Natasha
  4636 | D:4      | Killed Natasha
  4737 | D:4      | Noticed Duvessa
  4792 | D:4      | Noticed Dowan
  4936 | D:4      | Found a stormy altar of Qazlal.
  4939 | D:4      | Found a white marble altar of Elyvilon.
  4944 | D:4      | Found a sparkling altar of Nemelex Xobeh.
  4947 | D:4      | Found an ancient bone altar of Kikubaaqudgha.
  5150 | D:4      | XOM: noise
  5218 | D:4      | Killed Dowan
  5219 | D:4      | Reached XP level 7. HP: 17/51 MP: 7/7
  5277 | D:4      | XOM: silly message
  5420 | D:4      | Noticed Natasha
  5426 | D:4      | Killed Natasha
  5443 | D:4      | Noticed Natasha
  5444 | D:4      | Natasha changed into Natasha the worm
  5444 | D:4      | Noticed Natasha
  5444 | D:4      | XOM: polymorph Natasha -> Natasha the worm
  5465 | D:4      | Killed Natasha the worm
  5541 | D:5      | Entered Level 5 of the Dungeon
  5663 | D:5      | Reached skill level 7 in Fighting
  5663 | D:5      | Reached skill level 5 in Dodging
  6106 | D:5      | Found Cuagg's Book Boutique.
  6515 | D:5      | Reached XP level 8. HP: 61/61 MP: 8/8
  6778 | D:5      | XOM: 8-stop teleportation journey
  6797 | D:5      | Reached skill level 8 in Fighting
  6814 | D:5      | XOM is BORED!
  7104 | D:5      | Found a runed translucent door.
  7105 | D:5      | Noticed Crazy Yiuf
  7111 | D:5      | Killed Crazy Yiuf
  7161 | D:5      | Learned a level 2 spell: Passwall
  7163 | D:5      | Learned a level 1 spell: Apportation
  7164 | D:6      | XOM: stealth player
  7361 | D:6      | Identified the +9 trident of the Blowfly {spect, rC+ Dex+3
                  | Stlth+}
  7644 | D:6      | XOM: 1-stop teleportation journey
  7685 | D:6      | XOM: silly message
  7717 | D:6      | Found a shadowy altar of Dithmenos.
  7816 | D:6      | Noticed a yak
  7816 | D:6      | Noticed a yak
  7879 | D:6      | XOM: noise
  8025 | D:6      | XOM: 1-stop teleportation journey
  8271 | D:7      | Reached skill level 1 in Evocations
  8525 | D:7      | Killed an angel
  8540 | D:7      | Reached skill level 9 in Fighting
  8540 | D:7      | Found a glowing silver altar of Zin.
  8566 | D:7      | Found a shimmering altar of Xom.
  8573 | D:7      | Found a blossoming altar of Fedhas.
  8573 | D:7      | Found a shimmering blue altar of Sif Muna.
  8574 | D:7      | Found a glowing golden altar of the Shining One.
  8854 | D:7      | Found a bloodstained altar of Trog.
  8917 | D:7      | XOM: give mutation
  8917 | D:7      | Lost mutation: You are agile. (Dex +4, Str/Int -1) [Xom's
                  | mischief]
  8923 | D:7      | Noticed Edmund
  8934 | D:7      | Reached XP level 9. HP: 68/68 MP: 9/9
  9032 | D:7      | Killed Edmund
  9048 | D:7      | Noticed Sigmund
  9051 | D:7      | Killed Sigmund
  9198 | D:7      | XOM: divination: detect creatures
  9302 | D:8      | Identified a scroll of acquirement
  9306 | D:8      | Acquired the +2 hat of Watchfulness {Int+3}
  9355 | D:8      | Found a transporter.
  9366 | D:8      | XOM: divination: magic mapping
  9371 | D:8      | Found a flagged portal.
  9391 | Bailey   | Entered a bailey
  9516 | Bailey   | Reached skill level 5 in Polearms
  9585 | Bailey   | Reached skill level 5 in Evocations
  9585 | Bailey   | XOM: fake destruction
  9596 | Bailey   | XOM: cloud trail
  9665 | Bailey   | XOM: enchant monster (good)
  9670 | Bailey   | XOM: cast spell 'Chain of Chaos'
  9736 | Bailey   | Identified the +1 leather armour of Qiem Hellu {rPois rN+
                  | Slay-6 Stlth+}
  9738 | Bailey   | XOM: enchant monster (good)
  9744 | Bailey   | Reached XP level 10. HP: 55/74 MP: 10/10
  9937 | Bailey   | XOM: summons friendly white imp
 10454 | D:8      | Identified the +12 dagger "Foutot" {vorpal, *Corrode rPois
                  | rF+++ Dex+2}
 10513 | D:8      | XOM: 1-stop teleportation journey
 10698 | D:8      | Found a transporter.
 10743 | D:8      | Found a staircase to the Lair.
 11059 | D:3      | Found a transporter.
 11067 | D:3      | Killed thfrgi's ghost
 11068 | D:3      | XOM: summons 2 friendly demons
 11142 | D:4      | Found a staircase to the Ecumenical Temple.
 11150 | D:4      | Killed Duvessa
 11175 | D:4      | Killed Grinder
 11296 | D:6      | XOM: enchant monster (good)
 11308 | D:6      | XOM: enchant monster (good)
 11430 | D:8      | Reached XP level 11. HP: 64/80 MP: 11/11
 11452 | D:8      | XOM: silly message
 11607 | D:8      | XOM: silly message
 11683 | D:9      | Noticed a cyclops
 11693 | D:9      | Killed a cyclops
 11802 | D:9      | Found an opulent altar of Gozag.
 11808 | D:9      | Reached skill level 10 in Polearms
 12160 | D:9      | Noticed Pikel
 12160 | D:9      | Noticed Erica
 12162 | D:9      | XOM: cast spell 'Summon Ice Beast'
 12164 | D:9      | XOM: confuse monster(s)
 12168 | D:9      | Killed Erica
 12170 | D:9      | Killed Pikel
 12201 | D:9      | XOM: silly message
 12297 | D:9      | Reached skill level 1 in Shields
 12336 | D:10     | Entered Level 10 of the Dungeon
 12443 | D:10     | Found a hide-covered altar of Uskayaw.
 12569 | D:10     | Noticed a wizard
 12569 | D:10     | Noticed a large abomination
 12569 | D:10     | XOM: cast spell 'Summon Cactus Giant'
 12573 | D:10     | Killed a wizard
 12579 | D:10     | Killed a large abomination
 12580 | D:10     | Reached skill level 5 in Shields
 12585 | D:10     | XOM: summons 3 friendly demons
 12591 | D:10     | XOM: potion effect (haste)
 12592 | D:10     | Noticed a large abomination
 12660 | D:10     | XOM: draining
 12795 | D:10     | Found a staircase to the Orcish Mines.
 12828 | D:10     | XOM: god gift: sling {god gift}
 12982 | D:10     | XOM: give mutations
 12982 | D:10     | Gained mutation: Your mind is acute. (Int +4, Str/Dex -1)
                  | [Xom's grace]
 12982 | D:10     | Gained mutation: Your mind is very acute. (Int +8, Str/Dex
                  | -2) [Xom's grace]
 12982 | D:10     | Gained mutation: One of your tentacles bears a spike.
                  | [Xom's grace]
 12990 | D:10     | XOM: destruction
 13001 | D:10     | Reached XP level 12. HP: 81/85 MP: 12/12
 13325 | D:11     | Noticed a boulder beetle
 13326 | D:11     | Noticed Harold
 13335 | D:11     | XOM: cleaving
 13340 | D:11     | Killed Harold
 13362 | D:11     | Killed a boulder beetle
 13383 | D:11     | XOM: potion effect (brilliance)
 13405 | D:11     | XOM: scenery: create altars
 13408 | D:11     | Noticed a two-headed ogre
 13417 | D:11     | Killed a two-headed ogre
 13446 | D:11     | Noticed Gastronok
 13454 | D:11     | Killed Gastronok
 13497 | D:11     | XOM: scenery: summon butterflies
 13529 | D:11     | XOM: polymorph butterfly -> gnoll
 13601 | D:11     | Identified the +0 ring mail of Sin {Will+ Stlth+}
 13760 | D:11     | XOM: summons friendly shadow imp
 13761 | D:11     | XOM: smoke on damage
 13826 | D:11     | XOM: cloud trail
 13862 | D:11     | Found a runed translucent gate.
 13862 | D:11     | Found a runed translucent gate.
 13862 | D:11     | Found a runed translucent gate.
 13862 | D:11     | Noticed flt's ghost (journeyman DgTm)
 14409 | D:12     | Noticed a boulder beetle
 14423 | D:12     | XOM: enchant monster (bad)
 14425 | D:12     | XOM: cast spell 'Summon Hydra'
 14440 | D:12     | Reached skill level 10 in Shields
 14444 | D:12     | Killed a boulder beetle
 14448 | D:12     | Found a large runed translucent door.
 14449 | D:12     | XOM: summons friendly iron imp
 14456 | D:12     | Found a large runed translucent door.
 14480 | D:12     | Found a large runed translucent door.
 14481 | D:12     | Found a large runed translucent door.
 14540 | D:12     | XOM: scenery: 1 doors open
 14690 | D:12     | Noticed a boulder beetle
 14692 | D:12     | Noticed a two-headed ogre
 14718 | D:12     | Reached XP level 13. HP: 61/90 MP: 13/13
 14846 | D:12     | Found a portal to a secret trove of treasure.
 14849 | D:12     | XOM: noise
 14851 | D:12     | XOM: divination: detect creatures
 14946 | D:12     | XOM: 1-stop teleportation journey
 15024 | D:12     | Found a large runed translucent door.
 15024 | D:12     | Noticed a frost giant
 15025 | D:12     | Found a large runed translucent door.
 15026 | D:12     | Noticed a yaktaur captain
 15029 | D:12     | Noticed a stone giant
 15138 | D:12     | XOM: 1-stop teleportation journey
 15322 | D:12     | XOM: silly message
 15412 | D:12     | XOM: summons 8 friendly demons
 15421 | D:12     | XOM: divination: detect creatures
 15539 | D:12     | XOM: god gift: scale mail {god gift}
 15712 | D:12     | Found a large runed translucent door.
 15714 | D:12     | Identified the amulet "Cownigism" {RegenMP Str+3 Int-3}
 15715 | D:12     | Found a large runed translucent door.
 15751 | D:12     | Learned a level 2 spell: Blink
 16027 | D:13     | XOM: 1-stop teleportation journey
 16348 | D:13     | XOM: enchant monster (good)
 16358 | D:13     | XOM: fog
 16693 | D:13     | XOM: confuse monster(s)
 16985 | D:13     | XOM: silly message
 17041 | D:14     | XOM: noise
 17322 | D:14     | XOM is BORED!
 17416 | D:14     | Noticed an ettin
 17418 | D:14     | Noticed an ice dragon
 17425 | D:14     | Killed an ettin
 17430 | D:14     | Killed an ice dragon
 17464 | D:14     | Noticed a vault guard
 17464 | D:14     | XOM: cast spell 'Statue Form'
 17467 | D:14     | Killed a vault guard
 17481 | D:14     | Found a gate to the Vaults.
 17553 | D:14     | XOM: noise
 17612 | D:14     | XOM: enchant monster (good)
 17617 | D:14     | Reached XP level 14. HP: 97/97 MP: 14/14
 17622 | D:14     | XOM: polymorph very large slime creature -> elephant
 17657 | D:14     | XOM: give mutations
 17657 | D:14     | Gained mutation: Your natural rate of healing is unusually
                  | fast. [Xom's grace]
 17657 | D:14     | Gained mutation: You are agile. (Dex +4, Str/Int -1) [Xom's
                  | grace]
 17684 | D:14     | XOM is BORED!
 17684 | D:14     | XOM: summons 6 hostile demons
 18046 | D:14     | XOM: enchant monster (good)
 18510 | D:10     | Found the +10 Black Knight's barding {ponderous, rPois rN+}
 18687 | Lair:1   | Entered Level 1 of the Lair of Beasts
 18757 | Lair:1   | XOM: enchant monster (good)
 19071 | Lair:1   | XOM: swap monsters
 19377 | Lair:1   | XOM: silly message
 19407 | Lair:1   | XOM: cloud trail
 19415 | Lair:1   | XOM: give mutations
 19415 | Lair:1   | Gained mutation: One of your tentacles bears a nasty spike.
                  | [Xom's grace]
 19415 | Lair:1   | Gained mutation: You are somewhat resistant to further
                  | mutation. [Xom's grace]
 19621 | Lair:1   | XOM: god gift: 6 stones
 19646 | Lair:1   | XOM: 1-stop teleportation journey
 19704 | Lair:1   | XOM: god gift: +1 hat
 19741 | Lair:1   | XOM: god gift: scimitar {god gift}
 20052 | Lair:2   | XOM: scenery: create altars
 20122 | Lair:2   | XOM: snakes to sticks
 20423 | Lair:3   | XOM: confuse monster(s)
 20436 | Lair:3   | XOM: silly message
 20442 | Lair:3   | Reached skill level 15 in Shields
 20566 | Lair:3   | XOM: noise
 20626 | Lair:3   | Found a staircase to the Snake Pit.
 20650 | Lair:3   | XOM: divination: detect items
 20760 | Lair:3   | XOM: silly message
 20793 | Lair:3   | XOM: summons 2 friendly demons
 20812 | Lair:3   | XOM: noise
 20820 | Lair:3   | Reached skill level 15 in Polearms
 20905 | Lair:3   | XOM: potion effect (brilliance)
 21164 | Lair:3   | Found a staircase to the Swamp.
 21353 | Lair:3   | XOM: god gift: 12 gold pieces
 21691 | Lair:4   | XOM: god gift: 19 gold pieces
 21772 | Lair:4   | Found a staircase to the Slime Pits.
 21772 | Lair:4   | Found a viscous altar of Jiyva.
 21774 | Lair:4   | XOM is BORED!
 21774 | Lair:4   | XOM: noise
 21774 | Lair:4   | Paralysed by a floating eye for 4 turns
 21776 | Lair:4   | XOM: summons 2 friendly demons
 21777 | Lair:4   | XOM: potion effect (brilliance)
 21789 | Lair:4   | XOM: noise
 21852 | Lair:4   | XOM: enchant monster (bad)
 21854 | Lair:4   | XOM: fog
 21856 | Lair:4   | XOM: potion effect (haste)
 22517 | Lair:5   | Entered Level 5 of the Lair of Beasts
 22542 | Lair:5   | XOM: potion effect (heal wounds)
 22571 | Lair:5   | Reached XP level 15. HP: 101/101 MP: 15/15
 22572 | Lair:5   | XOM: divination: magic mapping
 22635 | Lair:5   | XOM: butterfly on damage
 22706 | Lair:5   | XOM: noise
 22708 | Lair:5   | XOM: 4-stop teleportation journey
 22737 | Lair:5   | XOM: scenery: create altars
 22767 | Lair:5   | XOM: fake destruction
 22812 | Lair:5   | XOM: destruction
 22918 | Lair:5   | XOM: polymorph yak -> polar bear
 22955 | Lair:5   | XOM: cloud trail
 23102 | Lair:5   | XOM: god gift: book of Party Tricks
 23175 | Lair:5   | XOM: scenery: create altars
 23176 | Lair:5   | XOM: fog
 23210 | Lair:5   | XOM: cleaving
 23215 | Lair:5   | a four-headed hydra changed into an emperor scorpion
 23215 | Lair:5   | Noticed an emperor scorpion
 23215 | Lair:5   | XOM: polymorph four-headed hydra -> emperor scorpion
 23230 | Lair:5   | Killed an emperor scorpion
 23273 | Lair:5   | Identified the +0 chain mail of Sityreud {rPois rC+ Will+
                  | Regen+}
 23808 | D:13     | XOM is BORED!
 23808 | D:13     | XOM: torment (52/101 hp)
 23826 | D:15     | Entered Level 15 of the Dungeon
 23828 | D:15     | Found a staircase to the Depths.
 23930 | D:15     | XOM: summons 2 hostile shadow creatures
 23931 | D:15     | XOM: polymorph necromancer -> slime creature
 23995 | D:15     | XOM: draining
 24000 | D:15     | XOM: blink monster(s)
 24158 | D:15     | Noticed Rupert
 24159 | D:15     | XOM: destruction
 24165 | D:15     | XOM: cleaving
 24168 | D:15     | Killed Rupert
 24224 | D:15     | XOM: god gift: 2 boomerangs of dispersal
 24492 | D:15     | XOM: cleaving
 24504 | D:15     | Found a runed translucent door.
 24770 | D:15     | XOM: give mutations
 24770 | D:15     | Gained mutation: One of your tentacles bears a large
                  | vicious spike. [Xom's grace]
 24770 | D:15     | Gained mutation: You are resistant to electric shocks.
                  | (rElec) [Xom's grace]
 24790 | D:15     | XOM: give mutations
 24790 | D:15     | Gained mutation: You are partially covered in large bone
                  | plates. (SH +4) [Xom's grace]
 24790 | D:15     | Gained mutation: You are very agile. (Dex +8, Str/Int -2)
                  | [Xom's grace]
 24790 | D:15     | Gained mutation: You passively map a small area around you.
                  | [Xom's grace]
 24912 | D:11     | XOM: give mutations
 24912 | D:11     | Gained mutation: You expend magic power (3 MP) to
                  | strengthen your wands. [Xom's grace]
 24912 | D:11     | Lost mutation: You are somewhat resistant to further
                  | mutation. [Xom's grace]
 24912 | D:11     | Gained mutation: You have hidden genetic potential. [Xom's
                  | grace]
 24922 | D:11     | Killed flt's ghost
 24967 | Orc:1    | Entered Level 1 of the Orcish Mines
 24989 | Orc:1    | XOM: noise
 24996 | Orc:1    | Found a frozen archway.
 25013 | IceCv    | Entered an ice cave
 25052 | IceCv    | Reached XP level 16. HP: 108/108 MP: 16/16
 25257 | IceCv    | Reached skill level 10 in Fighting
 25324 | IceCv    | Found a viscous altar of Jiyva.
 25324 | IceCv    | Noticed an azure jelly
 25339 | IceCv    | Killed an azure jelly
 25359 | IceCv    | Identified the amulet of Tifo {Spirit rElec rF- rC+}
 25476 | Orc:1    | XOM: divination: detect items
 25558 | Orc:1    | Found Ohyxaf Lont's CLEARANCE SALE!.
 25566 | Orc:1    | Bought a scroll of identify for 8 gold pieces
 25673 | Orc:1    | XOM is BORED!
 25673 | Orc:1    | XOM: noise
 25876 | Orc:1    | XOM: silly message
 25913 | Orc:2    | Entered Level 2 of the Orcish Mines
 25922 | Orc:2    | Found a runed translucent gate.
 25927 | Orc:2    | Found a runed translucent gate.
 25927 | Orc:2    | Found a runed translucent gate.
 25941 | Orc:2    | Noticed lurtze1's ghost (journeyman MiFi)
 25977 | Orc:2    | Found a dark tunnel.
 25984 | Volcano  | Entered a volcano
 26013 | Volcano  | Reached skill level 11 in Fighting
 26239 | Orc:2    | Noticed Blork the orc
 26243 | Orc:2    | Noticed Saint Roka
 26251 | Orc:2    | Killed Blork the orc
 26251 | Orc:2    | XOM: enchant monster (bad)
 26256 | Orc:2    | Noticed Azrael
 26256 | Orc:2    | XOM: 1-stop teleportation journey
 26383 | Orc:2    | XOM: confusion (+ monsters)
 26392 | Orc:2    | Reached skill level 10 in Dodging
 26410 | Orc:2    | XOM: chaos upgrade
 26416 | Orc:2    | XOM: enchant monster (bad)
 26419 | Orc:2    | XOM: potion effect (invisibility)
 26428 | Orc:2    | XOM: cast spell 'Statue Form'
 26431 | Orc:2    | XOM: cast spell 'Leda's Liquefaction'
 26444 | Orc:2    | XOM: swap monsters
 26452 | Orc:2    | Killed Saint Roka
 26455 | Orc:2    | Reached skill level 12 in Fighting
 26468 | Orc:2    | Found Wiobewes's Antique Weapon Emporium.
 26536 | Orc:2    | Found a staircase to the Elven Halls.
 26659 | Orc:2    | Found Herghaime's Jewellery Emporium.
 26685 | Orc:2    | Bought a ring of see invisible for 195 gold pieces
 26685 | Orc:2    | Bought a ring of protection from fire for 325 gold pieces
 26685 | Orc:2    | Bought an amulet of regeneration for 390 gold pieces
 26685 | Orc:2    | Bought a +4 ring of evasion for 468 gold pieces
 26720 | Orc:2    | Found Obang's Antique Armour Emporium.
 26726 | Orc:2    | Bought a glowing hat for 245 gold pieces
 26815 | Orc:2    | Found Caynea's General Store.
 26821 | Orc:2    | Bought a scroll of magic mapping for 105 gold pieces
 26821 | Orc:2    | Bought a scroll of identify for 28 gold pieces
 27041 | Orc:2    | Killed Azrael
 27061 | Orc:2    | XOM: silly message
 27069 | Orc:2    | XOM: summons 4 friendly demons
 27072 | Orc:2    | Killed lurtze1's ghost
 27079 | Orc:2    | XOM: enchant monster (bad)
 27080 | Orc:2    | XOM: butterfly on damage
 27206 | Orc:2    | XOM: scenery: create altars
 27482 | D:15     | Learned a level 5 spell: Summon Forest
 27522 | D:13     | XOM: cloud trail
 27657 | Elf:1    | Entered Level 1 of the Elven Halls
 27665 | Elf:1    | XOM: summons friendly quasit
 27706 | Elf:1    | Found Jady's Weapon Emporium.
 27711 | Elf:1    | Reached skill level 1 in Summonings
 27795 | Elf:1    | Reached skill level 1 in Spellcasting
 27814 | Elf:1    | Gained mutation: You are partially covered in iridescent
                  | scales. (AC +2) [hidden potential]
 27921 | Elf:1    | XOM: enchant monster (good)
 27995 | Elf:1    | XOM: god gift: leather armour {god gift}
 28118 | Elf:1    | Reached skill level 13 in Fighting
 28181 | Elf:1    | Reached XP level 17. HP: 114/122 MP: 20/20
 28388 | Elf:1    | XOM: scenery: 4 doors close
 28569 | Elf:2    | Found Genaept's Armour Boutique.
 28648 | Elf:2    | XOM: summons friendly iron imp
 28703 | Elf:2    | Reached skill level 5 in Summonings
 28718 | Elf:2    | XOM: summons friendly crimson imp
 28723 | Elf:2    | XOM: summons friendly quasit
 28784 | Elf:2    | Identified the +0 hat "Reqiem" {Rampage rElec rC- Stlth+}
                  | (Xom gifted it to you on level 2 of the Elven Halls)
 28784 | Elf:2    | XOM: god gift: +0 hat "Reqiem" {Rampage rElec rC- Stlth+}
 28811 | Elf:2    | XOM: enchant monster (good)
 28881 | Elf:2    | XOM: 2-stop teleportation journey
 28950 | Elf:2    | XOM: cast spell 'Alistair's Intoxication'
 28953 | Elf:2    | Reached skill level 14 in Fighting
 29088 | Elf:2    | Found a runed translucent gate.
 29088 | Elf:2    | Found a runed translucent gate.
 29088 | Elf:2    | Found a runed translucent gate.
 29251 | Elf:3    | Entered Level 3 of the Elven Halls
 29262 | Elf:3    | Gained mutation: You are strong-willed. (Will+) [hidden
                  | potential]
 29262 | Elf:3    | Lost mutation: You have hidden genetic potential. [hidden
                  | potential expressed]
 29272 | Elf:3    | Found Cuupobb's General Store.
 29314 | Elf:3    | XOM: summons friendly crimson imp
 29486 | Elf:3    | Identified Roxanne's Tome of Spelunking
 29486 | Elf:3    | Noticed Roxanne
 29499 | Elf:3    | XOM: divine lightning
 29508 | Elf:3    | Killed Roxanne
 29696 | Elf:3    | Found Qiopp's General Store.
 29772 | Elf:3    | XOM: god gift: wand of digging (8)
 29777 | Elf:3    | Bought a scroll of teleportation for 51 gold pieces
 29777 | Elf:3    | Bought a wand of iceblast (1) for 40 gold pieces
 29777 | Elf:3    | Bought a scroll of teleportation for 51 gold pieces
 29825 | Elf:3    | Found Lanek's General Store.
 29828 | Elf:3    | Bought a wand of iceblast (6) for 201 gold pieces
 29828 | Elf:3    | Bought a scroll of magic mapping for 105 gold pieces
 29828 | Elf:3    | Bought a +4 ring of evasion for 504 gold pieces
 29840 | Elf:3    | Found Ruzarcha's Magic Scroll Emporium.
 29958 | Elf:3    | Paralysed by an air elemental for 1 turns
 30063 | Elf:3    | Reached XP level 18. HP: 132/132 MP: 25/25
 30196 | Elf:3    | XOM: scenery: 1 doors open, 2 doors close
 30261 | Elf:3    | Reached skill level 5 in Spellcasting
 30376 | Elf:3    | Noticed an Ice Fiend
 30394 | Elf:3    | Noticed a deep elf blademaster
 30408 | Elf:3    | Killed a deep elf blademaster
 30508 | Elf:3    | Noticed a deep elf master archer
 30530 | Elf:3    | Killed a deep elf master archer
 30555 | Elf:3    | XOM: scenery: 1 doors open, 2 doors close
 30770 | Elf:3    | XOM: god gift: 6 stones
 30813 | Elf:3    | Reached skill level 15 in Fighting
 30821 | Elf:3    | XOM: divine lightning
 30827 | Elf:3    | XOM: summons friendly crimson imp
 30848 | Elf:3    | Got the Encyclopedia of Allies and Clouds
 30852 | Elf:3    | Got Sif Tiy's Disquisition on the Sinister Oath
 30895 | Elf:3    | Identified the +6 flail "Fuxus" {protect, rPois Dex+4}
 30895 | Elf:3    | XOM: enchant monster (bad)
 30985 | Elf:3    | Identified the +5 quarterstaff "Piadgh" {flame, Int+3}
 30986 | Elf:3    | Noticed a deep elf blademaster
 30987 | Elf:3    | Identified the ring of Jadwac {rN+ rCorr Str+3}
 30987 | Elf:3    | Noticed a deep elf master archer
 30989 | Elf:3    | a deep elf master archer changed into a catoblepas
 30989 | Elf:3    | XOM: polymorph deep elf master archer -> catoblepas
 30993 | Elf:3    | Killed a deep elf blademaster
 31007 | Elf:3    | Got the Quarto of Singed Clay
 31010 | Elf:3    | Identified the ring "Wuiheu" {rF+ SInv Stlth+}
 31011 | Elf:3    | Identified the +4 mace of Zutigg {protect, rElec rPois rF-
                  | rN+++}
 31096 | Elf:3    | Identified the ring "Nifon" {Ice rN+ rCorr} (Xom gifted it
                  | to you on level 3 of the Elven Halls)
 31096 | Elf:3    | XOM: god gift: ring "Nifon" {Ice rN+ rCorr}
 31382 | Elf:3    | Bought a scroll of blinking for 142 gold pieces
 31382 | Elf:3    | Bought a scroll of summoning for 180 gold pieces
 31382 | Elf:3    | Bought a scroll of butterflies for 76 gold pieces
 31591 | D:12     | XOM: god gift: +6 ring of dexterity
 31946 | Snake:1  | Entered Level 1 of the Snake Pit
 32112 | Snake:1  | XOM: confuse monster(s)
 32236 | Snake:1  | XOM: fog
 32262 | Snake:1  | XOM: cleaving
 32263 | Snake:1  | XOM: 3-stop teleportation journey
 32395 | Snake:1  | XOM: polymorph naga sharpshooter -> tarantella
 32433 | Snake:1  | XOM: divination: detect items
 32451 | Snake:1  | Identified the +4 pearl dragon scales of Xom's Delight {rN+
                  | Will+} (Xom gifted it to you on level 1 of the Snake Pit)
 32451 | Snake:1  | XOM: god gift: +4 pearl dragon scales of Xom's Delight {rN+
                  | Will+}
 32636 | Snake:1  | XOM is BORED!
 32636 | Snake:1  | XOM: summons 7 hostile demons
 33149 | Snake:2  | Found Dugoinky's Gadget Gallery.
 33167 | Snake:2  | Reached skill level 1 in Translocations
 33172 | Snake:2  | Bought a wand of light (5) for 231 gold pieces
 33172 | Snake:2  | Bought a wand of paralysis (6) for 158 gold pieces
 33172 | Snake:2  | Bought a wand of paralysis (4) for 105 gold pieces
 33371 | Snake:2  | Found Buxai's Antique Armour Boutique.
 33990 | Snake:3  | XOM: summons friendly quasit
 34006 | Snake:3  | XOM: polymorph naga ritualist -> salamander
 34017 | Snake:3  | Reached XP level 19. HP: 132/141 MP: 27/29
 34023 | Snake:3  | Reached skill level 10 in Summonings
 34038 | Snake:3  | Reached skill level 16 in Fighting
 34208 | Snake:3  | XOM: divination: magic mapping
 34210 | Snake:3  | XOM: cast spell 'Metabolic Englaciation'
 34213 | Snake:3  | XOM: chaos upgrade
 34232 | Snake:3  | XOM: summons friendly ufetubus
 34270 | Snake:3  | XOM: noise
 34282 | Snake:3  | XOM: summons 10 friendly demons
 34287 | Snake:3  | XOM: blink monster(s)
 34291 | Snake:3  | XOM: noise
 34349 | Snake:3  | Reached skill level 5 in Translocations
 34445 | Snake:3  | XOM: confuse monster(s)
 34482 | Snake:3  | XOM: silly message
 34555 | Snake:3  | XOM: god gift: potion of heal wounds
 34709 | Snake:3  | Learned a level 6 spell: Summon Cactus Giant
 34713 | Snake:3  | Learned a level 3 spell: Ozocubu's Armour
 34719 | Snake:3  | Learned a level 5 spell: Summon Mana Viper
 34738 | Snake:4  | Entered Level 4 of the Snake Pit
 34841 | Snake:4  | Found Foynn's Distillery.
 34842 | Snake:4  | Found Xuet's Distillery.
 34844 | Snake:4  | Found Ihiocass's Weapon Shoppe.
 34849 | Snake:4  | Reached skill level 1 in Hexes
 34887 | Snake:4  | Bought a potion of haste for 130 gold pieces
 34887 | Snake:4  | Bought a potion of heal wounds for 65 gold pieces
 34991 | Snake:4  | XOM: fog
 35002 | Snake:4  | XOM: enchant monster (bad)
 35003 | Snake:4  | XOM: swap monsters
 35198 | Snake:4  | XOM: chaos upgrade
 35207 | Snake:4  | XOM: snakes to sticks
 35548 | Snake:4  | Identified the +3 quarterstaff of Areahuwk {antimagic,
                  | rPois}
 35558 | Snake:4  | XOM: confuse monster(s)
 35607 | Snake:4  | XOM: divination: detect creatures
 35645 | Snake:4  | XOM: blink monster(s)
 35737 | Snake:4  | XOM: confuse monster(s)
 35741 | Snake:4  | XOM: summons friendly crimson imp
 35744 | Snake:4  | XOM: cleaving
 35745 | Snake:4  | XOM: scenery: create altars
 35758 | Snake:4  | Reached skill level 17 in Fighting
 35760 | Snake:4  | Reached XP level 20. HP: 105/151 MP: 31/31
 35791 | Snake:4  | Got a serpentine rune of Zot
 36030 | Snake:1  | XOM: cloud trail
 36077 | Swamp:1  | Entered Level 1 of the Swamp
 36118 | Swamp:1  | Reached skill level 5 in Hexes
 36203 | Swamp:1  | XOM: cleaving
 36589 | Swamp:2  | Noticed Nikola
 36595 | Swamp:2  | XOM: cast spell 'Summon Ice Beast'
 36600 | Swamp:2  | Killed Nikola
 36640 | Swamp:2  | XOM: cast spell 'Statue Form'
 36668 | Swamp:2  | XOM: enchant monster (good)
 36867 | Swamp:2  | XOM: divination: detect creatures
 36899 | Swamp:2  | XOM: silly message
 36914 | Swamp:2  | XOM: confuse monster(s)
 36967 | Swamp:2  | Learned a level 4 spell: Manifold Assault
 36985 | Swamp:2  | XOM: noise
 37032 | Swamp:2  | XOM: silly message
 37277 | Swamp:3  | XOM: cast spell 'Monstrous Menagerie'
 37507 | Swamp:3  | XOM: enchant monster (bad)
 37574 | Swamp:3  | Found a runed translucent gate.
 37575 | Swamp:3  | Found a runed translucent gate.
 37576 | Swamp:3  | Found a runed translucent gate.
 37578 | Swamp:3  | Noticed Odwax's ghost (adept MiFi)
 37599 | Swamp:3  | XOM: cast spell 'Monstrous Menagerie'
 37624 | Swamp:3  | Killed Odwax's ghost
 37723 | Swamp:4  | Entered Level 4 of the Swamp
 37793 | Swamp:4  | XOM: summons friendly shadow imp
 37796 | Swamp:4  | XOM: destruction
 37941 | Swamp:4  | XOM: cleaving
 38022 | Swamp:4  | XOM: divination: magic mapping
 38034 | Swamp:4  | Reached skill level 18 in Fighting
 38070 | Swamp:4  | XOM: polymorph death yak -> alligator snapping turtle
 38089 | Swamp:4  | Got a decaying rune of Zot
 38223 | Swamp:4  | XOM: give mutations
 38223 | Swamp:4  | Lost mutation: You have a pair of small antennae on your
                  | head. [Xom's mischief]
 38223 | Swamp:4  | Lost mutation: You passively map a small area around you.
                  | [Xom's mischief]
 38223 | Swamp:4  | Lost mutation: You are very agile. (Dex +8, Str/Int -2)
                  | [Xom's mischief]
 38223 | Swamp:4  | Lost mutation: You are resistant to electric shocks.
                  | (rElec) [Xom's mischief]
 38471 | Slime:1  | Entered Level 1 of the Pits of Slime
 38770 | Slime:5  | Entered Level 5 of the Pits of Slime
 38802 | Slime:5  | XOM: summons 11 hostile demons
 38802 | Slime:5  | Noticed the Royal Jelly
 38808 | Slime:5  | XOM: god gift: spear {god gift}
 38812 | Slime:5  | Reached XP level 21. HP: 143/160 MP: 23/33
 38823 | Slime:5  | Killed the Royal Jelly
 38835 | Slime:5  | XOM: enchant monster (bad)
 38861 | Slime:5  | Gained mutation: You occasionally shout uncontrollably at
                  | your foes. [a shining eye]
 38863 | Slime:5  | XOM: silly message
 38865 | Slime:5  | Gained mutation: You occasionally lose the ability to drink
                  | potions when taking damage. [a shining eye]
 38966 | Slime:5  | XOM: divination: detect items
 38981 | Slime:5  | XOM: cast spell 'Summon Cactus Giant'
 38991 | Slime:5  | XOM: potion effect (brilliance)
 38995 | Slime:5  | Reached skill level 19 in Fighting
 39042 | Slime:5  | Identified the ring "Keschif" {Will+ rCorr Int+6}
 39049 | Slime:5  | Got the Disquisition on Clouds
 39141 | Slime:5  | Identified the +1 robe of Ifoah {Will+ Int-5 Dex+5}
 39145 | Slime:5  | Got a slimy rune of Zot
 39153 | Slime:5  | Identified the +2 mace of Defenestration {vorpal, +Blink
                  | rCorr}
 39631 | Lair:3   | XOM: silly message
 39774 | Snake:4  | Bought a potion of curing for 45 gold pieces
 39774 | Snake:4  | Bought a potion of haste for 150 gold pieces
 39774 | Snake:4  | Bought a potion of heal wounds for 75 gold pieces
 39774 | Snake:4  | Bought a potion of invisibility for 120 gold pieces
 39774 | Snake:4  | Bought a potion of flight for 45 gold pieces
 39906 | Lair:3   | XOM: silly message
 40041 | D:10     | XOM: cloud trail
 40171 | D:15     | XOM: divination: detect creatures
 40244 | Depths:1 | Entered Level 1 of the Depths
 40277 | Depths:1 | Found a gateway to Hell.
 40343 | Depths:1 | XOM: potion effect (brilliance)
 40379 | Depths:1 | Found a transporter.
 40400 | Depths:1 | Reached skill level 10 in Evocations
 40445 | Depths:1 | XOM: silly message
 40448 | Depths:1 | XOM: cast spell 'Summon Mana Viper'
 40449 | Depths:1 | XOM: cast spell 'Statue Form'
 40451 | Depths:1 | XOM: confuse monster(s)
 40458 | Depths:1 | XOM: confuse monster(s)
 40463 | Depths:1 | XOM: cloud trail
 40484 | Depths:1 | XOM: noise
 40509 | Depths:1 | Found Yseeh's Assorted Antiques.
 40509 | Depths:1 | Found Xosauzy's Assorted Antiques.
 40509 | Depths:1 | XOM: 1-stop teleportation journey
 40514 | Depths:1 | XOM: give mutation
 40514 | Depths:1 | Lost mutation: You expend magic power (3 MP) to strengthen
                  | your wands. [Xom's mischief]
 40521 | Depths:1 | XOM: polymorph iron troll -> alligator snapping turtle
 40642 | Depths:1 | Bought a potion of might for 104 gold pieces
 40642 | Depths:1 | Bought a potion of curing for 78 gold pieces
 40660 | Depths:1 | XOM: divination: magic mapping
 40843 | Depths:1 | Found Foyxte's Assorted Antiques.
 41011 | Depths:1 | XOM: potion effect (haste)
 41027 | Depths:1 | XOM: polymorph dryad -> death drake
 41148 | Depths:1 | XOM: noise
 41152 | Depths:1 | XOM: cast spell 'Death Channel'
 41153 | Depths:1 | XOM: cleaving
 41155 | Depths:1 | XOM: enchant monster (good)
 41262 | Depths:1 | XOM: noise
 41266 | Depths:1 | Reached skill level 20 in Fighting
 41788 | Elf:1    | XOM: summons 3 hostile demons
 41888 | D:10     | XOM: give mutations
 41888 | D:10     | Lost mutation: You are strong-willed. (Will+) [Xom's
                  | mischief]
 41888 | D:10     | Lost mutation: Your mind is very acute. (Int +8, Str/Dex
                  | -2) [Xom's mischief]
 41920 | D:13     | XOM: scenery: 3 doors close
 41989 | Depths:2 | Noticed Mara
 42047 | Depths:2 | Found a one-way gate to the infinite horrors of the Abyss.
 42047 | Depths:2 | Noticed Grunn
 42048 | Depths:2 | XOM: swap monsters
 42067 | Depths:2 | Reached XP level 22. HP: 171/171 MP: 34/34
 42068 | Depths:2 | XOM: blink monster(s)
 42073 | Depths:2 | XOM: summons 5 friendly demons
 42083 | Depths:2 | XOM: confuse monster(s)
 42100 | Depths:2 | XOM: swap monsters
 42123 | Depths:2 | XOM: silly message
 42322 | Depths:2 | XOM: polymorph sphinx -> shadow dragon
 42339 | Depths:2 | XOM: silly message
 42373 | Depths:2 | Identified the +8 spear of Mibboff {flame, rElec Int+2
                  | Dex+4}
 42541 | Depths:2 | Noticed a caustic shrike
 42549 | Depths:2 | Killed a caustic shrike
 42571 | Depths:2 | Noticed a golden dragon
 42585 | Depths:2 | Killed a golden dragon
 42589 | Depths:2 | Noticed a caustic shrike
 42600 | Depths:2 | Killed a caustic shrike
 42736 | Depths:2 | XOM: enchant monster (bad)
 42738 | Depths:2 | XOM: polymorph ice dragon -> ice dragon
 42787 | Depths:2 | XOM: polymorph cactus giant -> oklob plant
 42823 | Depths:2 | XOM: confusion
 42832 | Depths:2 | Killed Grunn
 42837 | Depths:2 | XOM: draining
 42879 | Depths:2 | XOM: give mutations
 42879 | Depths:2 | Lost mutation: You are agile. (Dex +4, Str/Int -1) [Xom's
                  | mischief]
 42879 | Depths:2 | Lost mutation: One of your tentacles bears a large vicious
                  | spike. [Xom's mischief]
 42906 | Depths:2 | Found a one-way gate leading to the halls of Pandemonium.
 42917 | Depths:2 | XOM: blink monster(s)
 42953 | Depths:2 | Found a one-way gateway to a ziggurat.
 42971 | Depths:2 | Reached skill level 15 in Dodging
 43044 | Depths:2 | XOM: divination: magic mapping
 43256 | Depths:2 | XOM: summons 2 friendly demons
 43283 | Depths:2 | Noticed iamserjio's illusion
 43300 | Depths:2 | Killed Mara
 43361 | Depths:2 | Found the +11 plutonium sword {Contam Stlth-}
 43578 | D:14     | XOM: give mutations
 43578 | D:14     | Gained mutation: You occasionally lose the ability to read
                  | scrolls when taking damage. [Xom's mischief]
 43578 | D:14     | Lost mutation: Your natural rate of healing is unusually
                  | fast. [Xom's mischief]
 43645 | Vaults:1 | Entered Level 1 of the Vaults
 43765 | Vaults:1 | XOM: 1-stop teleportation journey
 43771 | Vaults:1 | XOM: summons 2 hostile demons
 43829 | Vaults:1 | Found Voasiqil's Antique Armour Boutique.
 43840 | Vaults:1 | XOM: swap monsters
 43842 | Vaults:1 | XOM: 2-stop teleportation journey
 43844 | Vaults:1 | Reached skill level 1 in Stealth
 43845 | Vaults:1 | XOM: noise
 43851 | Vaults:1 | Reached skill level 21 in Fighting
 43992 | Vaults:1 | XOM: 9-stop teleportation journey
 43998 | Vaults:1 | XOM: smoke on damage
 44205 | Vaults:1 | Reached skill level 5 in Stealth
 44258 | Vaults:1 | XOM: smoke on damage
 44284 | Vaults:1 | XOM: give mutations
 44284 | Vaults:1 | Lost mutation: You occasionally lose the ability to drink
                  | potions when taking damage. [Xom's mischief]
 44284 | Vaults:1 | Lost mutation: Your system is resistant to poisons. (rPois)
                  | [Xom's mischief]
 44284 | Vaults:1 | Gained mutation: You frequently scream uncontrollably at
                  | your foes. [Xom's mischief]
 44284 | Vaults:1 | Lost mutation: You frequently scream uncontrollably at your
                  | foes. [Xom's mischief]
 44652 | Vaults:1 | XOM: give mutations
 44652 | Vaults:1 | Lost mutation: You occasionally lose the ability to read
                  | scrolls when taking damage. [Xom's mischief]
 44652 | Vaults:1 | Gained mutation: You have hidden genetic potential. [Xom's
                  | mischief]
 44837 | Vaults:1 | XOM: enchant monster (bad)
 44855 | Vaults:1 | Reached XP level 23. HP: 152/180 MP: 35/35
 44988 | Vaults:1 | Found a runed translucent door.
 44988 | Vaults:1 | Found a shimmering altar of Xom.
 44988 | Vaults:1 | Noticed Stonecrops's ghost (adept DsGl)
 45051 | Vaults:1 | XOM: silly message
 45308 | Vaults:1 | XOM: enchant monster (bad)
 45357 | Vaults:1 | Killed Stonecrops's ghost
 45360 | Vaults:1 | Got Coxzyinihu's Tome of Sculpting and the Brume
 45523 | Vaults:2 | XOM: 3-stop teleportation journey
 45759 | Vaults:2 | XOM: summons 3 friendly demons
 45760 | Vaults:2 | XOM: swap monsters
 45774 | Vaults:2 | XOM: god gift: mace {god gift}
 45905 | Vaults:2 | Reached skill level 10 in Stealth
 45984 | Vaults:2 | XOM: summons 3 hostile demons
 46006 | Vaults:2 | Found Jeamexy's Assorted Antiques.
 46012 | Vaults:2 | Bought a scroll of blinking for 217 gold pieces
 46119 | Vaults:2 | Found a staircase to the Crypt.
 46509 | Vaults:2 | XOM: give mutations
 46509 | Vaults:2 | Lost mutation: You are partially covered in large bone
                  | plates. (SH +4) [Xom's mischief]
 46509 | Vaults:2 | Lost mutation: One of your tentacles bears a nasty spike.
                  | [Xom's mischief]
 46509 | Vaults:2 | Gained mutation: You are weak. (Str -2) [Xom's mischief]
 46509 | Vaults:2 | Gained mutation: You frequently scream uncontrollably at
                  | your foes. [Xom's mischief]
 46514 | Vaults:2 | Reached skill level 22 in Fighting
 46701 | Vaults:3 | Found a magical portal.
 46702 | Vaults:3 | XOM: 2-stop teleportation journey
 46753 | Vaults:3 | XOM: scenery: 1 doors close
 46775 | Vaults:3 | XOM: enchant monster (good)
 46816 | Vaults:3 | XOM: stat loss: -1 Int (31/32)
 46910 | Vaults:3 | Learned a level 9 spell: Dragon's Call
 46944 | WizLab   | Entered Borgnjor's Mausoleum
 47132 | Vaults:3 | XOM: god gift: 9 gold pieces
 47595 | Vaults:3 | XOM: god gift: wand of iceblast (5)
 47598 | Vaults:3 | XOM: cast spell 'Disjunction'
 47718 | Vaults:3 | XOM: silly message
 47879 | Vaults:3 | Noticed a dread lich
 47879 | Vaults:3 | Noticed a dread lich
 47887 | Vaults:3 | XOM: scenery: 1 doors open
 47892 | Vaults:3 | Killed a dread lich
 47905 | Vaults:3 | XOM: 1-stop teleportation journey
 48025 | Vaults:3 | XOM: enchant monster (good)
 48035 | Vaults:3 | Killed a dread lich
 48057 | Vaults:3 | Gained mutation: You expend magic power (3 MP) to
                  | strengthen your wands. [hidden potential]
 48067 | Vaults:3 | Reached skill level 15 in Summonings
 48067 | Vaults:3 | Found the +5 glaive of the Guard {elec, spectral, AC+5}
 48297 | Vaults:3 | XOM: summons 3 friendly demons
 48644 | Vaults:4 | Reached XP level 24. HP: 183/189 MP: 36/36
 48915 | Vaults:4 | XOM: scenery: 1 doors close
 48930 | Vaults:4 | XOM: enchant monster (good)
 49018 | Vaults:4 | XOM: confusion (+ monsters)
 49039 | Vaults:4 | XOM: enchant monster (bad)
 49068 | Vaults:4 | XOM: fake destruction
 49071 | Vaults:4 | XOM: enchant monster (bad)
 49080 | Vaults:4 | XOM: summons 2 friendly demons
 49262 | Vaults:4 | XOM: scenery: 1 doors close
 49335 | Vaults:4 | XOM: polymorph deep troll -> redback
 49337 | Vaults:4 | XOM: enchant monster (bad)
 49436 | Vaults:4 | Reached skill level 10 in Spellcasting
 49986 | Vaults:4 | XOM: noise
 49987 | Vaults:4 | XOM: polymorph dire elephant -> quicksilver dragon
 50122 | Vaults:4 | XOM: noise
 50280 | Vaults:1 | Learned a level 8 spell: Summon Horrible Things
 50425 | D:14     | XOM is BORED!
 50578 | Depths:3 | Noticed Boris
 50588 | Depths:3 | Killed Boris
 50611 | Depths:3 | Reached skill level 1 in Transmutations
 50611 | Depths:3 | Reached skill level 1 in Earth Magic
 50728 | Depths:3 | Noticed the Enchantress
 50741 | Depths:3 | Killed the Enchantress
 50933 | Depths:3 | XOM: enchant monster (good)
 51248 | Depths:3 | XOM: enchant monster (bad)
 51270 | Depths:3 | XOM: silly message
 51433 | Depths:3 | XOM: stat loss: -1 Str (16/17)
 51437 | Depths:3 | Found Jaihicau's Jewellery Shoppe.
 51437 | Depths:3 | Found Xupyech's Book Shop.
 51438 | Depths:3 | Found Puelab's Jewellery Shoppe.
 51541 | Depths:3 | XOM: silly message
 51625 | Depths:3 | XOM: stat loss: -1 Int (31/32)
 51627 | Depths:4 | Entered Level 4 of the Depths
 51734 | Depths:4 | Noticed Boris
 51747 | Depths:4 | Killed Boris
 51912 | Depths:4 | Noticed a juggernaut
 51920 | Depths:4 | Noticed Xtahua
 51923 | Depths:4 | Found an ancient bone altar of Kikubaaqudgha.
 51938 | Depths:4 | Gained mutation: You are strong-willed. (Will+) [hidden
                  | potential]
 51938 | Depths:4 | Lost mutation: You have hidden genetic potential. [hidden
                  | potential expressed]
 52118 | Depths:4 | XOM: draining
 52272 | Depths:4 | XOM: 2-stop teleportation journey
 52292 | Depths:4 | XOM: noise
 52297 | Depths:4 | XOM: swap monsters
 52304 | Depths:4 | XOM: torment (47/169 hp)
 52307 | Depths:4 | XOM: chaos upgrade
 52436 | Depths:4 | XOM: confusion (+ monsters)
 52528 | Depths:4 | Killed Xtahua
 52554 | Depths:4 | Killed a juggernaut
 52562 | Depths:4 | Reached XP level 25. HP: 94/195 MP: 17/37
 52562 | Depths:4 | XOM: enchant monster (bad)
 52696 | Depths:4 | XOM: silly message
 52764 | Depths:3 | XOM: silly message
 52835 | Depths:4 | XOM: enchant monster (good)
 52949 | Depths:4 | Found a gate to the Realm of Zot.
 52969 | Depths:4 | XOM: swap monsters
 52974 | Depths:4 | XOM: smoke on damage
 52976 | Depths:4 | XOM: smoke on damage
 53139 | Depths:4 | XOM: enchant monster (bad)
 53149 | Depths:4 | XOM: summons 5 friendly demons
 53154 | Depths:4 | XOM: noise
 53199 | Depths:4 | XOM: cloud trail
 53291 | Depths:4 | XOM: give mutations
 53291 | Depths:4 | Lost mutation: You are strong-willed. (Will+) [Xom's
                  | mischief]
 53291 | Depths:4 | Lost mutation: You are weak. (Str -2) [Xom's mischief]
 53291 | Depths:4 | Lost mutation: You are partially covered in iridescent
                  | scales. (AC +2) [Xom's mischief]
 53291 | Depths:4 | Gained mutation: You occasionally lose the ability to read
                  | scrolls when taking damage. [Xom's mischief]
 53697 | Depths:3 | Bought the ring of the Hare {EV+8} for 1664 gold pieces
 53697 | Depths:3 | Found the ring of the Hare {EV+8}
 53881 | Zot:1    | Entered Level 1 of the Realm of Zot
 53988 | Zot:2    | XOM: silly message
 54065 | Zot:3    | XOM: repel stairs
 54260 | Zot:3    | XOM: torment (98/195 hp)
 54524 | Zot:5    | Entered Level 5 of the Realm of Zot
 54532 | Zot:5    | XOM: cast spell 'Alistair's Intoxication'
 54632 | Zot:5    | XOM: polymorph storm dragon -> dire elephant
 54778 | Zot:5    | XOM: potion effect (invisibility)
 54849 | Zot:5    | Found a transporter.
 54922 | Zot:5    | XOM: summons 2 hostile shadow creatures
 54928 | Zot:5    | XOM: summons 1 hostile shadow creature
 55249 | Zot:5    | Found a transporter.
 55258 | Zot:5    | Lost mutation: One of your tentacles bears a spike. [potion
                  | of mutation]
 55258 | Zot:5    | Lost mutation: Your mind is acute. (Int +4, Str/Dex -1)
                  | [potion of mutation]
 55258 | Zot:5    | Gained mutation: You occasionally lose the ability to drink
                  | potions when taking damage. [potion of mutation]
 55258 | Zot:5    | Gained mutation: You are somewhat resistant to further
                  | mutation. [potion of mutation]
 55259 | Zot:5    | Lost mutation: You occasionally lose the ability to read
                  | scrolls when taking damage. [potion of mutation]
 55259 | Zot:5    | Lost mutation: You expend magic power (3 MP) to strengthen
                  | your wands. [potion of mutation]
 55259 | Zot:5    | Lost mutation: You occasionally lose the ability to drink
                  | potions when taking damage. [potion of mutation]
 55259 | Zot:5    | Gained mutation: You possess an exceptional clarity of
                  | mind. [potion of mutation]
 55259 | Zot:5    | Gained mutation: You are strong-willed. (Will+) [potion of
                  | mutation]
 55328 | Zot:5    | Noticed a dread lich
 55342 | Zot:5    | XOM: fake destruction
 55346 | Zot:5    | Killed a dread lich
 55468 | Zot:5    | Noticed an orb of fire
 55516 | Zot:5    | Killed an orb of fire
 55516 | Zot:5    | Noticed an orb of fire
 55541 | Zot:5    | Killed an orb of fire
 55655 | Zot:5    | Noticed a Killer Klown
 55655 | Zot:5    | Noticed an ancient lich
 55718 | Zot:5    | Killed an ancient lich
 55722 | Zot:5    | XOM: give mutations
 55722 | Zot:5    | Lost mutation: Your flesh is heat resistant. (rF+) [Xom's
                  | mischief]
 55722 | Zot:5    | Gained mutation: You are frail. (-10% HP) [Xom's mischief]
 55722 | Zot:5    | Lost mutation: You are strong-willed. (Will+) [Xom's
                  | mischief]
 55722 | Zot:5    | Gained mutation: You are very frail. (-20% HP) [Xom's
                  | mischief]
 55726 | Zot:5    | Killed a Killer Klown
 55858 | Zot:5    | XOM: polymorph black draconian -> fire giant
 56855 | Zot:3    | XOM: confuse monster(s)
 56871 | Zot:3    | XOM: repel stairs
 56983 | Zot:3    | XOM: cleaving
 57223 | Zot:3    | XOM: polymorph cactus giant -> shambling mangrove
 57270 | Zot:3    | XOM: give mutations
 57270 | Zot:3    | Gained mutation: You are extremely frail. (-30% HP) [Xom's
                  | mischief]
 57270 | Zot:3    | Gained mutation: Your flesh is heat resistant. (rF+) [Xom's
                  | mischief]
 57423 | Zot:5    | Lost mutation: You possess an exceptional clarity of mind.
                  | [potion of mutation]
 57423 | Zot:5    | Lost mutation: You are extremely frail. (-30% HP) [potion
                  | of mutation]
 57423 | Zot:5    | Gained mutation: You possess an exceptional clarity of
                  | mind. [potion of mutation]
 57424 | Zot:5    | Lost mutation: You possess an exceptional clarity of mind.
                  | [potion of mutation]
 57424 | Zot:5    | Lost mutation: You are somewhat resistant to further
                  | mutation. [potion of mutation]
 57424 | Zot:5    | Gained mutation: Your system is resistant to poisons.
                  | (rPois) [potion of mutation]
 57425 | Zot:5    | Lost mutation: You are very frail. (-20% HP) [potion of
                  | mutation]
 57425 | Zot:5    | Lost mutation: Your flesh is heat resistant. (rF+) [potion
                  | of mutation]
 57425 | Zot:5    | Lost mutation: Your system is resistant to poisons. (rPois)
                  | [potion of mutation]
 57425 | Zot:5    | Gained mutation: You are vulnerable to heat. (rF-) [potion
                  | of mutation]
 57425 | Zot:5    | Gained mutation: You are occasionally teleported next to
                  | monsters. [potion of mutation]
 57425 | Zot:5    | Gained mutation: You are resistant to electric shocks.
                  | (rElec) [potion of mutation]
 57426 | Zot:5    | Lost mutation: You are vulnerable to heat. (rF-) [potion of
                  | mutation]
 57426 | Zot:5    | Lost mutation: You are occasionally teleported next to
                  | monsters. [potion of mutation]
 57426 | Zot:5    | Gained mutation: Your flesh is heat resistant. (rF+)
                  | [potion of mutation]
 57426 | Zot:5    | Gained mutation: You have an increased reservoir of magic.
                  | (+10% MP) [potion of mutation]
 57469 | Zot:5    | XOM: noise
 57485 | Zot:5    | Noticed a Killer Klown
 57487 | Zot:5    | XOM: summons 2 friendly demons
 57508 | Zot:5    | Killed a Killer Klown
 57748 | Zot:5    | Noticed an orb of fire
 57748 | Zot:5    | Noticed an orb of fire
 57748 | Zot:5    | Noticed a Killer Klown
 57748 | Zot:5    | Noticed a Killer Klown
 57748 | Zot:5    | XOM: 2-stop teleportation journey
 57748 | Zot:5    | Noticed a Killer Klown
 57750 | Zot:5    | Noticed a Killer Klown
 57750 | Zot:5    | Noticed a Killer Klown
 57954 | Zot:5    | Noticed a Killer Klown
 57957 | Zot:5    | XOM: confuse monster(s)
 57962 | Zot:5    | Killed a Killer Klown
 57980 | Zot:5    | Reached XP level 26. HP: 170/180 MP: 39/42
 58095 | Zot:5    | XOM: polymorph cactus giant -> wandering mushroom
 58097 | Zot:5    | XOM: smoke on damage
 58099 | Zot:5    | XOM: noise
 58204 | Zot:5    | Killed a Killer Klown
 58281 | Zot:5    | Killed a Killer Klown
 58346 | Zot:5    | Got the Orb of Zot
 58359 | Zot:5    | Killed a Killer Klown
 58481 | Depths:3 | Gained mutation: You are very frail. (-20% HP) [a
                  | cacodemon]
 58482 | Depths:3 | Gained mutation: You sometimes lose your temper in combat.
                  | [a cacodemon]
 58483 | Depths:3 | Lost mutation: You frequently scream uncontrollably at your
                  | foes. [potion of mutation]
 58483 | Depths:3 | Lost mutation: You occasionally shout uncontrollably at
                  | your foes. [potion of mutation]
 58483 | Depths:3 | Gained mutation: You are strong-willed. (Will+) [potion of
                  | mutation]
 58484 | Depths:3 | Lost mutation: You sometimes lose your temper in combat.
                  | [potion of mutation]
 58484 | Depths:3 | Lost mutation: You are very frail. (-20% HP) [potion of
                  | mutation]
 58484 | Depths:3 | Lost mutation: Your flesh is heat resistant. (rF+) [potion
                  | of mutation]
 58484 | Depths:3 | Gained mutation: You are very frail. (-20% HP) [potion of
                  | mutation]
 58775 | D:5      | XOM: give mutations
 58775 | D:5      | Gained mutation: You are partially covered in iridescent
                  | scales. (AC +2) [Xom's mischief]
 58775 | D:5      | Lost mutation: You are very frail. (-20% HP) [Xom's
                  | mischief]
 58788 | D:5      | XOM: polymorph balrug -> something unseen
 58869 | D:2      | XOM: enchant monster (good)
 58871 | D:2      | XOM: enchant monster (good)
 58905 | D:$      | Escaped with the Orb!

Illustrated notes

Levels and vault maps discovered:
D:1:      saegor_arrival_miasma, layout_loops_ring, serial_park_tiny_1
D:2:      layout_basic, basic_altar,
          dreamdust_ecumenical_altar_angels_and_demons, serial_curves,
          eino_curves_03, eino_curves_01, eino_curves_04, eino_curves_03,
          uniq_robin
D:3:      layout_basic, gammafunk_ghost_smash, nicolae_kite_square_tiling_tiny
D:4:      layout_loops_ring, grunt_temple_overflow_cloverleaf,
          minmay_temple_entry_drinking_statues, uniq_duvessa, uniq_natasha,
          uniq_grinder
D:5:      layout_layer_cave, serial_shops, nicolae_take_the_stairs,
          uniq_crazy_yiuf_cottage
D:6:      layout_gridville, nicolae_dithmenos_shadow_blocks,
          hangedman_abyss_or_decor_stagger
D:7:      layout_basic, grunt_temple_overflow_order_and_chaos_1,
          chequers_temple_overflow_statue_of_worship, trog_three_pillars_becter,
          sigmund_edmund_badplayer
D:8:      gammafunk_cloud_chamber, layout_basic, david_lair_shrubbed,
          enter_bailey_2
D:9:      layout_roguey, mainiacjoe_overflow_alcove_2, minmay_misc_feat_doors,
          uniq_pikel, uniq_erica
D:10:     layout_basic, mainiacjoe_overflow_catwalk, orc_0_dummy, laboratory
D:11:     layout_basic, ebering_ghost_rock_garden, minmay_misc_feat_roman,
          hangedman_corner_corridor, uniq_harold, uniq_gastronok
D:12:     minmay_five_octagons, layout_basic, enter_trove_2
D:13:     layout_roguey, hangedman_stone_soup
D:14:     layout_stronghold, david_vaults_4, minmay_door_square
D:15:     gammafunk_depths_entry_grave, layout_irregular_city,
          grunt_decor_fettered, minmay_st_funbox, uniq_rupert
Lair:1:   layout_cave_pods, worms_lemuel, lemuel_fruit_fields
Lair:2:   layout_chaotic_city, serial_rivers, chequers_serial_rivers_room_b,
          chequers_serial_rivers_small_b, chequers_serial_rivers_room_b,
          chequers_serial_rivers_small_b
Lair:3:   dreamdust_cave_troll, layout_small_grid,
          nicolae_swamp_entry_splash_gauntlet, dummy_snake_entry,
          lemuel_old_faithful, grunt_megastairs_3
Lair:4:   layout_regular_city, minmay_slime_entry_eyes
Lair:5:   grunt_lair_end_beastmaster, layout_hall_layers, st_stairs_10,
          grunt_megastairs_1
Swamp:1:  layout_falls_marsh, nicolae_swamp_tree_designs, swamp_pool2,
          nicolae_swamp_some_circles
Swamp:2:  layout_basic_swamp, evilmike_swamp_ruin_rubble_1, st_swamp_ruins_3,
          uniq_nikola
Swamp:3:  layout_basic_swamp, ebering_ghost_rock_garden,
          evilmike_swamp_ruin_house_6
Swamp:4:  nzn_swamp_witches_coven, layout_basic_swamp
Snake:1:  layout_chambers, grunt_megastairs_4
Snake:2:  layout_misc_corridors, serial_shops, nicolae_shop_advertising_works
          [nicolae_subvault_shop_adworks], nicolae_shop_gadgets,
          nicolae_triple_integral, lemuel_fruit_tree
Snake:3:  layout_rooms, guppyfry_library_mini
Snake:4:  snake_pit_salamanders_mu, layout_rooms, nicolae_snake_biting_tails,
          grunt_ministairs_15, nicolae_wooded_promenade
Slime:1:  layout_caves
Slime:2:  layout_caves
Slime:3:  layout_caves
Slime:4:  layout_caves
Slime:5
Orc:1:    layout_diamond_mine, portal_ice_cave_demonic_guard,
          nicolae_shop_clearance
Orc:2:    grunt_orc_cross, layout_caves, maelrawn_ghost_gauntlet_escape,
          basic_altar, nicolae_volcano_entry_two_sided, uniq_azrael
Elf:1:    eino_elf_arrival_shootout, layout_geoelf_diagonals, serial_shops,
          nicolae_shop_bloodbath_and_beyond, hangedman_elf_represent
Elf:2:    elven_hall_of_blades_hangedman_original
          [nicolae_blade_entry_diamond_columns], layout_onion_city,
          serial_shops, shop, drop_trap
Elf:3:    elf_hall_gauntlet_narrow, layout_geoelf_castle, serial_shops,
          nicolae_shop_behind_doors, nicolae_shop_statue_plus,
          nicolae_shop_stone, shop, abandoned_shop, uniq_roxanne
Vaults:1: ebering_ghost_xom, ontoclasm_vaults_ligature, vaults_mumra_minichess,
          nicolae_vaults_border_crossing, vaults_room_door_ring,
          hangedman_vaults_hat, nicolae_vaults_windows_and_doors_thing,
          special_room_vaults [special_room_orc], nicolae_vaults_angled_halls,
          nicolae_vaults_theta, layout_vaults_omnigrid, serial_shops,
          nicolae_diamond_shop
Vaults:2: v_rooms_2, nicolae_vaults_shelves_hall, v_rooms_1,
          nicolae_vaults_quadrants, nicolae_vaults_rhombus_6,
          hangedman_vaults_nails, nicolae_vaults_little_squares_4,
          layout_vaults_big_room, dummy_crypt_entry, serial_shops, shop
Vaults:3: infiniplex_enter_wizlab_spiral, ontoclasm_vaults_gateway,
          minmay_guarded_unrand_guard_vaults, ontoclasm_vaults_chip,
          hangedman_vaults_trim, nicolae_vaults_rhombus_6,
          nicolae_vaults_three_branches, hangedman_vaults_stitches,
          nicolae_vaults_big_angled_halls, ontoclasm_vaults_tryst,
          nicolae_vaults_diagonal_hallway_8, nicolae_vaults_gold_heap,
          vaults_mumra_hex, hangedman_vaults_stretched_pinwheel,
          hangedman_vaults_corner_blocks, vaults_room_stairs_pillars,
          vaults_room_grunt_arrival_ludios, layout_vaults_maze
Vaults:4: ontoclasm_vaults_shuriken, v_rooms_3, nicolae_vaults_arrows,
          nicolae_vaults_asterisk, v_misc_13,
          nicolae_vaults_stairing_the_circle, nicolae_vaults_alarming,
          nicolae_vaults_meeting, ontoclasm_vaults_ring_square,
          vaults_mumra_chevron_long, grunt_vaults_hallway_long, v_misc_11,
          ontoclasm_vaults_fault, ontoclasm_vaults_claustrophobia,
          vaults_room_semicircle, layout_vaults_omnibox
Depths:1: layout_small_grid, serial_shops, nicolae_lakefront_shop, hell_entry,
          dreamdust_wishing_well, minmay_statues_item, nicolae_diode_basic,
          minmay_shoptagon, serial_bayou_shore_b,
          infiniplex_staircase_pool_lava, serial_bayou_shore_b
Depths:2: minmay_nine_rooms, layout_cave_pools, enter_ziggurat_c,
          rand_demon_pan_entry_8, hex_medium, hangedman_abyss_entry_splay,
          hell_entry, uniq_mara, uniq_grunn
Depths:3: dpeg_oklob_gauntlet, layout_basic, abyss_entry, pf_coc_iceberg,
          nrook_mini_vaults, minmay_shop_grove, uniq_boris, uniq_enchantress
Depths:4: grunt_twist_and_shout, layout_gridlike, hell_entry,
          kiku_gazebo_garden_becter, uniq_xtahua
Zot:1:    layout_misc_corridors
Zot:2:    layout_concentric_octagons
Zot:3:    layout_onion_interference
Zot:4:    layout_onion, uniq_parghit
Zot:5:    layout_misc_corridors, nicolae_diode_stairs

Skill      XL: |  1  2  3  4  5  6  7  8  9 10 11 12 13 14 15 16 17 18 19 20 21 22 23 24 25 26 |
---------------+-------------------------------------------------------------------------------+-----
Fighting       | 4 5 6 7 9 13 14 15 17 18 20 21 22 | 22.1
Dodging        | 3 4 5 6 7 9 11 12 13 14 15 16 | 16.6
Evocations     | 3 5 6 8 11 12 13 | 13.0
Polearms       | 6 9 11 12 14 15 16 18 19 | 19.1
Shields        | 6 10 13 16 18 | 18.0
Summonings     | 3 8 9 10 12 13 15 17 19 | 19.5
Spellcasting   | 2 4 6 7 8 9 10 12 | 12.0
Translocations | 3 5 |  5.3
Hexes          | 4 5 |  5.9
Stealth        | 7 11 | 11.5
Transmutations | 4 |  4.0
Earth Magic    | 4 |  4.0

Action                   |  1- 3 |  4- 6 |  7- 9 | 10-12 | 13-15 | 16-18 | 19-21 | 22-24 | 25-27 || total
-------------------------+-------+-------+-------+-------+-------+-------+-------+-------+-------++-------
Melee: Spear             |   100 |     2 |       |       |       |       |       |       |    45 ||   147
       Constrict         |    21 |    33 |    33 |    27 |    70 |   139 |    93 |   161 |    57 ||   634
       Tentacles         |    11 |    31 |    41 |    67 |   211 |   211 |   447 |   590 |   265 ||  1874
       Punch             |     1 |     2 |     3 |     1 |    17 |    14 |    39 |    47 |    11 ||   135
       Short sword       |       |   113 |       |       |       |       |       |       |       ||   113
       Dagger            |       |       |    62 |       |       |       |       |       |       ||    62
       Quarterstaff      |       |       |    45 |       |       |       |       |       |       ||    45
       Trident           |       |       |    66 |   302 |   798 |  1024 |  1449 |  1745 |   549 ||  5933
       Kick              |       |       |       |    41 |   331 |   317 |   637 |   847 |   197 ||  2370
       Glaive            |       |       |       |       |       |       |       |       |   114 ||   114
Throw: Dart              |       |       |    13 |     1 |     7 |     6 |       |     2 |       ||    29
       Throwing net      |       |       |       |       |       |       |     2 |       |       ||     2
 Cast: Summon Cactus Gia |       |       |       |       |       |       |    13 |    30 |    46 ||    89
       Summon Forest     |       |       |       |       |       |       |     7 |     8 |     9 ||    24
       Blink             |       |       |       |       |       |       |     2 |     8 |     9 ||    19
       Summon Horrible T |       |       |       |       |       |       |       |     1 |     9 ||    10
       Apportation       |       |       |       |       |       |       |       |     1 |       ||     1
       Passwall          |       |       |       |       |       |       |       |       |     2 ||     2
Evoke: Piece from Xom's  |       |     1 |     2 |       |       |       |       |       |       ||     3
       Wand              |       |       |       |     3 |     4 |     5 |       |     5 |     9 ||    26
       Phantom mirror    |       |       |       |     1 |       |     2 |       |       |       ||     3
       Tin of tremorston |       |       |       |       |       |     2 |       |       |       ||     2
       Box of beasts     |       |       |       |       |       |     1 |       |       |     1 ||     2
       Phial of floods   |       |       |       |       |       |       |       |     2 |       ||     2
  Use: Potion            |       |     2 |       |     1 |       |     5 |     1 |    14 |    26 ||    49
       Scroll            |       |       |    13 |     7 |    12 |    11 |     3 |    10 |    17 ||    73
 Stab: Distracted        |     1 |       |     3 |    10 |    23 |    49 |    69 |    80 |    18 ||   253
       Sleeping          |     6 |     4 |     2 |     9 |    14 |    35 |    35 |    15 |     4 ||   124
       Paralysed         |       |       |       |     2 |     2 |       |     7 |     3 |       ||    14
       Confused          |       |       |       |       |     5 |     5 |     5 |     6 |     4 ||    25
       Petrified         |       |       |       |       |     2 |       |     1 |       |       ||     3
       Invisible         |       |       |       |       |       |    20 |       |     1 |     1 ||    22
       Betrayed ally     |       |       |       |       |       |     1 |       |       |       ||     1
       Petrifying        |       |       |       |       |       |       |     2 |     2 |       ||     4
       Held in net/web   |       |       |       |       |       |       |     4 |       |       ||     4
Armor: Skin              |     4 |     5 |    13 |    20 |    32 |    14 |    49 |    54 |    12 ||   203
Dodge: Dodged            |    32 |    65 |   123 |   115 |   194 |   202 |   603 |   580 |   417 ||  2331
Block: Kite shield       |       |       |       |    40 |   263 |   407 |  1184 |   965 |   313 ||  3172

Table legend: (Time is in decaauts)
 A = Elapsed time spent in this place.
 B = Non-inter-level travel time spent in this place.
 C = Inter-level travel time spent in this place.
 D = Time resting spent in this place.
 E = Time spent auto-exploring this place.
 F = Levels seen in this place.
 G = Mean time per level.
                   A        B        C        D        E       F      G
               +--------+--------+--------+--------+--------+-----+--------+
         Total |  56904 |  50162 |   6742 |  10039 |  27490 |  55 | 1034.6 |
       Dungeon |  21172 |  18236 |   2936 |   3939 |  11211 |  15 | 1411.5 |
          Lair |   5085 |   4516 |    569 |    240 |   3503 |   5 | 1017.0 |
         Swamp |   2182 |   2055 |    127 |     86 |   1348 |   4 |  545.5 |
     Snake Pit |   4083 |   3544 |    539 |     63 |   2481 |   4 | 1020.8 |
    Slime Pits |    709 |    662 |     47 |    267 |      0 |   5 |  141.8 |
  Orcish Mines |   2104 |   1534 |    570 |     52 |   1021 |   2 | 1052.0 |
   Elven Halls |   3647 |   3189 |    458 |    694 |   1475 |   3 | 1215.7 |
        Vaults |   6588 |   6014 |    574 |    579 |   3944 |   4 | 1647.0 |
        Depths |   6120 |   5363 |    757 |   1657 |   1913 |   4 | 1530.0 |
           Zot |   3632 |   3472 |    160 |   1921 |    119 |   5 |  726.4 |
        Bailey |    980 |    980 |      0 |    460 |    245 |   1 |  980.0 |
      Ice Cave |    401 |    401 |      0 |     80 |     80 |   1 |  401.0 |
       Volcano |    188 |    188 |      0 |      0 |    149 |   1 |  188.0 |
        Wizlab |      6 |      6 |      0 |      0 |      0 |   1 |    6.0 |
               +--------+--------+--------+--------+--------+-----+--------+

Top non-repeatable levels by time:
    D:12: 2123 daAuts
   Zot:5: 2068 daAuts
Vaults:1: 1885 daAuts
   Elf:3: 1872 daAuts
     D:4: 1841 daAuts
Depths:3: 1786 daAuts
Vaults:3: 1761 daAuts
    D:14: 1751 daAuts
     D:5: 1712 daAuts
Vaults:4: 1678 daAuts
     D:2: 1658 daAuts
Depths:4: 1586 daAuts
    D:13: 1526 daAuts
Depths:1: 1471 daAuts
   Orc:2: 1442 daAuts
